 Dungeon Crawl Stone Soup version 0.31-a0-876-gfe8ebadbca (webtiles) character file.

Game seed: 14718368015989706504

1822729 MrSquiggles the Hoplite (level 27, 110/211 HPs)
             Began as an Octopode Chaos Knight on Oct 13, 2023.
             Was the Champion of Jiyva.
             Escaped with the Orb
             ... and 3 runes!
             The game lasted 03:10:56 (58313 turns).

MrSquiggles the Hoplite (Octopode Chaos Knight)    Turns: 58313, Time: 03:10:57

Health: 110/211    AC: 15    Str: 11    XL:     27
Magic:  11/22      EV: 40    Int: 24    God:    Jiyva [******]
Gold:   4021       SH: 48    Dex: 34    Spells: 1/38 levels left

rFire   + + .        a - +10 rapier of Plunder {heavy, rPois rCorr Int+4}
rCold   . . .        A - +10 tower shield of Ignorance {rN+ Int-4}
rNeg    + + .        o - +2 hat of the Bear Spirit {Spirit, Bear, *Rage Will++}
rPois   +            p - amulet of reflection
rElec   +            i - ring of willpower
rCorr   +            v - ring "Voittimo" {rF+ rN+ Will+ Int-4 Slay+3}
SInv    +            E - ring "Kanlimiv" {Fly rElec rC+ SInv}
Will    +++++        O - +4 ring of protection
Stlth   +            Y - +6 ring of dexterity
HPRegen 2.95/turn    C - ring "Funara Qeun" {+Blink rF+ AC+4 Slay+2 Stlth-}
MPRegen 0.68/turn    X - ring of the Endless Expanse {rCorr Str+3 Int+6 Dex+7}
                     d - +4 ring of protection

%: random rage (20%), reflection, guardian spirit
@: on berserk cooldown, flying, contaminated, slowed, glowing, studying 3
skills, very slow
A: almost no armour, amphibious, 8 rings, camouflage 1, gelatinous body 1,
(nimble swimmer 1), tentacles, tentacle spike 3, large bone plates 1, clever 2,
deterioration 1, low MP 3, sense surroundings 1, regeneration 1, electricity
resistance, weak 2, wild magic 2, eyeballs 3, jelly sensing items, cold
vulnerability 1
0: Orb of Zot
}: 3/15 runes: decaying, slimy, gossamer
a: Renounce Religion, Evoke Blink, Oozemancy, Slimify


You escaped.
You worshipped Jiyva.
Jiyva was exalted by your worship.
You visited 11 branches of the dungeon, and saw 54 of its levels.
You also visited: Ossuary, Gauntlet, Ice Cave and Wizlab.

You collected 7256 gold pieces.
You spent 3235 gold pieces at shops.

Inventory:

Hand Weapons
 a - the +10 rapier of Plunder (weapon) {heavy, rPois rCorr Int+4}
   (Xom gifted it to you in an ossuary)

   Int+4:     It affects your intelligence (+4).
   rPois:     It protects you from poison rCorr: It protects you from acid and
   corrosion.
 b - the +6 scimitar "Juhasch" {antimagic, rPois rF+ rC+ Int+3}
   (You found it on level 1 of the Elven Halls)

   Int+3:     It affects your intelligence (+3).
   rF+:       It protects you from fire.
   rC+:       It protects you from cold.
   rPois:     It protects you from poison
Missiles
 c - 225 stones (quivered)
 G - 11 curare-tipped darts
Armour
 o - the +2 hat of the Bear Spirit (worn) {Spirit, Bear, *Rage Will++}
   (You found it on level 7 of the Dungeon)

   Bear:      Going berserk makes the wearer exceptionally tough, and they are
   slowed for a shorter time afterward.
   Will++:    It greatly increases your willpower.
   *Rage:     It berserks you when you make melee attacks (+20% chance).
 A - the +10 tower shield of Ignorance (worn) {rN+ Int-4}
   (You found it on level 5 of the Lair of Beasts)

   Int-4:     It affects your intelligence (-4).
   rN+:       It protects you from negative energy.
Jewellery
 d - a +4 ring of protection (on tentacle)
 f - the ring of Past Mistakes {rN+ Dex+3 SInv}
   (You found it on level 5 of the Pits of Slime)

   [ring of see invisible]

   Dex+3:     It affects your dexterity (+3).
   rN+:       It protects you from negative energy.
   SInv:      It lets you see invisible.
 i - a ring of willpower (left tentacle)
 p - an amulet of reflection (around mantle)
 v - the ring "Voittimo" (right tentacle) {rF+ rN+ Will+ Int-4 Slay+3}
   (You took it off a guardian mummy on level 3 of the Crypt)

   [ring of positive energy]

   Int-4:     It affects your intelligence (-4).
   Slay+3:    It affects your accuracy & damage with ranged weapons and melee
   (+3).
   rF+:       It protects you from fire.
   rN+:       It protects you from negative energy.
   Will+:     It increases your willpower.
 C - the ring "Funara Qeun" (on tentacle) {+Blink rF+ AC+4 Slay+2 Stlth-}
   (You bought it in a shop on level 2 of the Dungeon)

   [ring of protection]

   AC+4:      It affects your AC (+4).
   Slay+2:    It affects your accuracy & damage with ranged weapons and melee
   (+2).
   rF+:       It protects you from fire.
   +Blink:    It lets you blink.
   Stlth-:    It makes you less stealthy.
 E - the ring "Kanlimiv" (on tentacle) {Fly rElec rC+ SInv}
   (You bought it in a shop on level 2 of the Dungeon)

   [ring of flight]

   rC+:       It protects you from cold.
   rElec:     It insulates you from electricity.
   SInv:      It lets you see invisible.
   Fly:       It grants you flight.
 N - an amulet of guardian spirit
 O - a +4 ring of protection (on tentacle)
 R - the ring of Waumn {rPois rN+ rCorr Dex-5 SInv}
   (You found it on level 3 of the Crypt)

   [ring of positive energy]

   Dex-5:     It affects your dexterity (-5).
   rPois:     It protects you from poison rN+: It protects you from negative
   energy.
   SInv:      It lets you see invisible.
   rCorr:     It protects you from acid and corrosion.
 X - the ring of the Endless Expanse (on tentacle) {rCorr Str+3 Int+6 Dex+7}
   (You found it on level 1 of the Realm of Zot)

   [ring of intelligence]

   Str+3:     It affects your strength (+3).
   Int+6:     It affects your intelligence (+6).
   Dex+7:     It affects your dexterity (+7).
   rCorr:     It protects you from acid and corrosion.
 Y - a +6 ring of dexterity (on tentacle)
 Z - a ring of wizardry
Wands
 q - a wand of acid (21)
 y - a wand of roots (33)
 B - a wand of paralysis (41)
 J - a wand of digging (11)
 M - a wand of mindburst (25)
 U - a wand of flame (59)
Scrolls
 e - 2 scrolls of fear
 h - 5 scrolls of poison
 k - a scroll of summoning
 l - 3 scrolls of fog
 m - 5 scrolls of vulnerability
 u - 8 scrolls of noise
 w - 9 scrolls of immolation
 D - 15 scrolls of teleportation
 H - a scroll of silence
Potions
 g - 10 potions of brilliance
 j - 6 potions of curing
 n - a potion of magic
 r - a potion of heal wounds
 s - 2 potions of lignification
 x - 2 potions of resistance
 F - a potion of cancellation
 L - 4 potions of invisibility
 P - 7 potions of enlightenment
 Q - 5 potions of ambrosia
Miscellaneous
 z - a phantom mirror
 K - a sack of spiders
 T - a phial of floods
 V - a condenser vane
 W - a lightning rod (4/4)


   Skills:
 + Level 23.3 Fighting
 - Level 14.0(15.4) Short Blades
 - Level 11.0(14.0) Long Blades
 - Level 3.5 Maces & Flails
 + Level 20.7 Dodging
 - Level 12.0 Stealth
 - Level 25.0 Shields
 - Level 6.0 Spellcasting
 - Level 10.0 Transmutations
 - Level 3.0 Earth Magic
 - Level 12.0 Poison Magic
 + Level 18.9 Evocations


You had one spell level left.
You knew the following spells:

 Your Spells              Type           Power      Damage    Failure   Level
a - Apportation           Tloc           22%        N/A       21%         1
b - Wereblood             Tmut           73%        N/A       1%          2
c - Manifold Assault      Tloc           11%        N/A       83%         4
d - Passwall              Tmut/Erth      47%        N/A       4%          2
e - Sigil of Binding      Hex            11%        N/A       47%         3
f - Enfeeble              Hex            5%         N/A       100%        7
g - Disjunction           Tloc           5%         N/A       100%        8
h - Dispersal             Tloc           5%         N/A       100%        6
i - Dimensional Bullseye  Hex/Tloc       5%         N/A       83%         4

Your spell library contained the following spells:

 Spells                   Type           Power      Damage    Failure   Level
 Sandblast                Erth           68%        2d15      9%          1
 Foxfire                  Conj/Fire      44%        2x1d6     21%         1
 Freeze                   Ice            44%        1d6       21%         1
 Kiss of Death            Conj/Necr      44%        2d8       21%         1
 Magic Dart               Conj           44%        1d5       21%         1
 Shock                    Conj/Air       44%        1d5       21%         1
 Summon Small Mammal      Summ           44%        N/A       21%         1
 Cigotuvi's Dreadful Rot  Necr/Pois/Air  84%        N/A       9%          2
 Alistair's Intoxication  Tmut/Pois      51%        N/A       9%          5
 Blink                    Tloc           22%        N/A       30%         2
 Call Imp                 Summ           22%        N/A       30%         2
 Ensorcelled Hibernation  Hex/Ice        22%        N/A       30%         2
 Jinxbite                 Hex            22%        N/A       30%         2
 Lesser Beckoning         Tloc           22%        N/A       30%         2
 Momentum Strike          Conj/Tloc      22%        3d8       30%         2
 Scorch                   Fire           22%        2d5       30%         2
 Searing Ray              Conj           22%        2d5       30%         2
 Sublimation of Blood     Necr           11%        N/A       30%         2
 Stone Arrow              Conj/Erth      46%        3d9       30%         3
 Eringya's Noxious Bog    Tmut/Pois      38%        4d6       32%         6
 Call Canine Familiar     Summ           11%        N/A       47%         3
 Confusing Touch          Hex            11%        N/A       47%         3
 Frozen Ramparts          Ice            22%        1d4       47%         3
 Hailstorm                Conj/Ice       11%        3d5       47%         3
 Inner Flame              Hex/Fire       11%        N/A       47%         3
 Ozocubu's Armour         Ice            11%        N/A       47%         3
 Summon Guardian Golem    Hex/Summ       11%        N/A       47%         3
 Irradiate                Conj/Tmut      24%        3d19      52%         5
 Brom's Barrelling Bould  Conj/Erth      23%        2d4       65%         4
 Leda's Liquefaction      Hex/Erth       11%        N/A       65%         4
 Lee's Rapid Deconstruct  Erth           17%        3d10*     78%         5
 Anguish                  Hex/Necr       5%         N/A       83%         4
 Animate Dead             Necr           11%        N/A       83%         4
 Cause Fear               Hex            5%         N/A       83%         4
 Dispel Undead            Necr           11%        3d9       83%         4
 Flame Wave               Conj/Fire      11%        2d6       83%         4
 Fulminant Prism          Conj/Hex       5%         3d7       83%         4
 Sticky Flame             Conj/Fire      11%        2d3       83%         4
 Summon Ice Beast         Ice/Summ       11%        N/A       83%         4
 Summon Lightning Spire   Summ/Air       11%        N/A       83%         4
 Borgnjor's Vile Clutch   Necr/Erth      11%        N/A       92%         5
 Fireball                 Conj/Fire      5%         3d5       98%         5
 Freezing Cloud           Conj/Ice/Air   5%         6-21      98%         5
 Iskenderun's Battlesphe  Conj           11%        2d7       98%         5
 Summon Forest            Summ/Tloc      5%         N/A       98%         5
 Summon Mana Viper        Hex/Summ       11%        N/A       98%         5
 Bombard                  Conj/Erth      11%        9d3       100%        6
 Death Channel            Necr           5%         N/A       100%        6
 Plasma Beam              Fire/Air       5%         2x1d16    100%        6
 Starburst                Conj/Fire      5%         6d4       100%        6
 Haunt                    Necr/Summ      5%         N/A       100%        7
 Malign Gateway           Summ/Tloc      5%         N/A       100%        7
 Monstrous Menagerie      Summ           5%         N/A       100%        7
 Spellforged Servitor     Conj/Summ      5%         N/A       100%        7
 Summon Hydra             Summ           5%         N/A       100%        7
 Summon Horrible Things   Summ           5%         N/A       100%        8
 Chain Lightning          Conj/Air       5%         3d7       100%        9
 Fire Storm               Conj/Fire      5%         8d2       100%        9
 Shatter                  Erth           17%        3d16*     100%        9


Dungeon Overview and Level Annotations

Branches:
Dungeon (15/15)            Temple (0/1) D:5            Lair (5/5) D:10
  Swamp (4/4) Lair:3       Spider (4/4) Lair:3        Slime (5/5) Lair:5
    Orc (2/2) D:9             Elf (3/3) Orc:2        Vaults (4/5) D:13
  Crypt (3/3) Vaults:3       Tomb (0/3) Crypt:3      Depths (4/4) D:15
    Zot (5/5) Depths:4    Ossuary (visited)           IceCv (visited)
 WizLab (visited)         Gauntlet (visited)

Altars:
Elyvilon
Fedhas
Gozag
Hepliaklqana
Kikubaaqudgha
Makhleb
Okawaru
Qazlal
Ru
Sif Muna
Xom
Yredelemnul
Zin
The Shining One
Jiyva

Shops:
D:2 =   D:8 =   D:11 [   Orc:1 :*   Orc:2 (=*?   Elf:1 (   Elf:2 =**:*
Vaults:1 [=   Vaults:2 (   Depths:3 :*

Portals:
Hell: Depths:1 Depths:2 Depths:3 Depths:4
Abyss: Depths:3
Pandemonium: Depths:2
Ziggurat: Depths:1

Annotations:
D:4 1 runed translucent door, Natasha; amoryguerra's ghost, amateur MiBe
D:5 exclusions: sleepcap and water moccasin, Menkaure
D:6 1 runed translucent door, laschroeter's ghost, novice MiFi
D:7 exclusions: ice beast and troll
D:9 exclusion: 2 vampire mosquitoes
D:10 exclusion: upstairs
Lair:3 exclusions: boulder beetle and water moccasin
Slime:5 Royal Jelly
Orc:2 3 runed translucent doors, mortress's ghost, journeyman DsNe
Crypt:1 2 transporters, Dyigyrgh's ghost, adept GrFi; Foapeaxo's ghost, veteran HOMo; Micliseo's ghost, adept GrFi
Depths:1 4 transporters
Zot:1 2 transporters, exclusion: obsidian statue


Innate Abilities, Weirdness & Mutations

You cannot wear most types of armour.
You are amphibious.
You can wear up to eight rings at the same time.
Your skin changes colour to match your surroundings (Stealth+).
Your rubbery body absorbs attacks. (AC +1, EV +1)
((You are camouflaged when in or above water. (Stealth+)))
You have tentacles for arms and can constrict up to eight enemies at once.
One of your tentacles bears a large vicious spike.
You are partially covered in large bone plates. (SH +4)
Your mind is very acute. (Int +8, Str/Dex -2)
Your body sometimes deteriorates upon taking damage.
Your magical capacity is extremely low. (-30% MP)
You passively map a small area around you.
Your natural rate of healing is unusually fast.
You are resistant to electric shocks. (rElec)
You are very weak. (Str -4)
Your spells are harder to cast, but more powerful.
Your body is covered in eyes which may confuse attackers. (Acc +7, SInv)
You have a small jelly attached to you that senses nearby items.
You are vulnerable to cold. (rC-)


Message History

You block the sun demon's attack.
The seraph shouts a warning to its allies!
The forest fire spreads! x2
Unknown command.
Unknown command.
You hit the seraph but do no damage.
You pierce the seraph, but do no damage.
The seraph is lightly wounded.
You are no longer firmly anchored in space.
You are no longer robbed of momentum.
You constrict the seraph, but do no damage.
The cherub dissolves into sparkling lights!
The angel dissolves into sparkling lights!
Your azure jelly is engulfed in a forest fire.
You block the seraph's attack. x2; You block the sun demon's attack.
The ophan harnesses the cleansing power of fire!
The bolt of fire hits the sun demon.
The sun demon completely resists.
The bolt of fire misses you.
The tree burns like a torch!
The forest fire spreads! x2
Unknown command.
Unknown command.
Unknown command.
You release your grip on the seraph.
You block the seraph's attack.
The seraph hits you with a +5 great sword of flaming!!
The seraph burns you.
Your azure jelly is engulfed in a forest fire.
Your azure jelly hits the sun demon!
Your azure jelly freezes the sun demon!!!
The sun demon is frozen!
The sun demon dies!
The ophan calls forth blessed flames!
Blessed fire suddenly surrounds you!
The seraph gestures.
The seraph begins to accept its allies' injuries.
Your azure jelly is engulfed in a forest fire.
The cherub sings a powerful hymn!
The angel goes into a battle-frenzy!
The seraph shouts a warning to its allies!
You hear chittering from your sack of spiders.
It's ready.
You have escaped!

≈≈≈~....♣# #####
≈≈~~....♣# ≈≈~.....P#
≈~.......# ≈≈~~....P#
≈≈~.....♣############
≈≈≈......♣P.P.♣♣.§..♣♣#
≈≈≈~..........♣§§§§..§#
≈≈~....P.♣....1♣@§♣ ,*
≈≈≈~.........AAAJ§♣ ,,
≈≈≈~~........§AGA♣♣
≈≈≈≈~~........§§.♣
≈≈≈≈≈~~~~..~§..♣♣♣♣
≈≈≈≈≈≈≈≈≈≈~GGA~≈≈≈♣
≈≈≈≈≈≈≈≈≈≈≈~≈≈≈≈≈≈♣♣♣♣
≈≈≈≈≈≈≈≈≈≈≈≈≈≈≈≈≈≈≈≈≈♣*
#######################


You could see 2 seraphim, an angel (summoned, strong, sheltered), an ophan
(strong, sheltered), a cherub (summoned, sheltered) and a friendly azure jelly
(summoned).

Vanquished Creatures
  4 orbs of fire
  7 dread liches
  3 ancient liches (Zot:5)
  A juggernaut (Zot:5)
  Josephina (Depths:3)
  6 Killer Klowns (Zot:5)
  Frederick (Vaults:3)
  2 curse toes
  22 golden dragons
  Jory (Crypt:3)
  A profane servitor (Crypt:3)
  Norris (Vaults:1)
  the Enchantress (Depths:1)
  Nikola (Elf:2)
  A bone dragon (Crypt:3)
  Jorgrun (Orc:2)
  12 tentacled monstrosities
  6 electric golems
  An Ice Fiend (D:5)
  25 Orb Guardians (Zot:5)
  A walking earthen tome (Depths:2)
  4 liches
  10 quicksilver dragons
  A titan (Depths:3)
  A sphinx (Zot:3)
  11 death cobs
  A tentacled starspawn (WizLab)
  3 ancient champions
  Agnes (Spider:2)
  An Executioner (Zot:1)
  Frances (Spider:1)
  3 deep elf master archers (Elf:3)
  Kirke (Spider:1)
  10 shadow dragons
  A tengu reaver (Depths:2)
  Aizul (Depths:1)
  A thorn hunter (Swamp:4)
  5 draconian monks
  15 storm dragons
  2 azure jellies (IceCv)
  Donald (Swamp:2)
  3 revenants
  20 fire giants
  Roxanne (Spider:1)
  A rockslime (IceCv)
  5 fenstrider witches (Swamp:4)
  6 draconian knights
  2 emperor scorpions
  5 draconian scorchers
  A frost giant (Depths:3)
  2 balrugs (Zot:4)
  3 deep elf sorcerers (Elf:3)
  3 ghost moths
  5 draconian shifters
  5 deep elf elementalists (Elf:3)
  2 curse skulls
  A spectral caustic shrike (Crypt:3)
  An angel (D:1)
  12 ghouls
  6 draconian stormcallers
  10 vault wardens
  A reaper (D:11)
  A caustic shrike zombie (Crypt:2)
  A formless jellyfish (Lair:4)
  10 ironbound preservers
  7 broodmothers (Spider:4)
  5 spriggan defenders
  5 draconian annihilators
  4 quicksilver oozes (IceCv)
  21 very ugly things
  5 caustic shrike skeletons (Depths:3)
  11 green draconians
  14 stone giants
  2 juggernaut skeletons (Depths:3)
  3 war gargoyles
  7 ironbound thunderhulks
  10 vampire knights
  2 eleionomae
  8 black draconians
  3 deep elf demonologists
  6 deep elf annihilators (Elf:3)
  7 dire elephants
  11 purple draconians
  8 red draconians
  7 yellow draconians
  4 bunyips
  12 white draconians
  2 spark wasps
  A minotaur (Gauntlet)
  A blizzard demon (Swamp:4)
  20 jiangshi
  20 fire dragons
  A shambling mangrove (Swamp:4)
  2 mummy priests
  8 deep elf death magi
  8 entropy weavers
  3 green deaths
  6 ettins
  A crystal guardian (Vaults:2)
  7 deep elf high priests (Elf:3)
  6 yaktaur captains
  Erolcha (D:13)
  12 ice dragons
  A hell beast (D:8)
  9 spriggan air magi
  A quicksilver dragon skeleton (Depths:3)
  2 rakshasas
  4 vault guards
  9 hydras
  A jorogumo (Spider:4)
  3 ghost crabs
  An ogre mage (Swamp:4)
  6 catoblepae
  A peacekeeper (Vaults:2)
  5 two-headed ogres
  A caustic shrike simulacrum (Depths:3)
  2 sphinx zombies
  17 centaur warriors
  35 dancing weapons
  4 alligators
  5 death knights (Crypt:3)
  A fenstrider witch skeleton (Crypt:1)
  15 ironbound frosthearts
  An azure jelly zombie (Crypt:2)
  2 boulder beetles
  3 sphinx skeletons
  13 deep troll earth magi
  10 demonic crawlers
  A radroach (Spider:1)
  7 tengu warriors
  4 vampire magi
  10 death yaks
  11 deep troll shamans
  7 orc high priests
  20 hell knights
  11 spriggan berserkers
  A storm dragon zombie (Crypt:2)
  Sonja (D:10)
  6 spriggans
  21 deep elf knights
  Nergalle (Orc:1)
  A shock serpent (shapeshifter) (Vaults:3)
  3 skysharks
  3 soul eaters
  33 skeletal warriors
  8 iron trolls
  3 sixfirhies (Swamp:4)
  A sun moth (Spider:2)
  9 pharaoh ants
  A large abomination (Crypt:3)
  Amaemon (D:10)
  3 shadow wraiths (Crypt:3)
  A golden dragon zombie (Vaults:1)
  3 goliath frogs
  3 flayed ghosts
  3 storm dragon skeletons
  55 deep trolls
  7 orb spiders
  13 bog bodies
  A cherub (D:1)
  8 swamp dragons
  3 spriggan druids
  2 golden dragon skeletons (Depths:3)
  An anaconda skeleton (Crypt:1)
  17 deep elf archers
  4 ironbound convokers
  3 shadow demons
  2 phantasmal warriors (Crypt:1)
  An orange crystal statue (IceCv)
  5 steelbarb worms
  8 necromancers
  A harpy (D:15)
  3 lindwurms (Vaults:3)
  6 wizards
  2 shadow dragon skeletons (Depths:3)
  24 deep elf pyromancers
  35 ugly things
  2 tengu skeletons (Depths:3)
  A mana viper (WizLab)
  32 deep elf zephyrmancers
  25 wolf spiders
  An oklob plant (Swamp:3)
  5 manticores
  5 orc sorcerers
  2 worldbinders (WizLab)
  6 will-o-the-wisps
  30 moths of wrath
  An alligator skeleton (Crypt:2)
  6 cyclopes
  An iron dragon skeleton (Depths:3)
  2 salamanders
  A dire elephant zombie (Crypt:2)
  A frost giant skeleton (Depths:3)
  2 guardian serpents
  A stone giant skeleton (Crypt:2)
  2 fire giant skeletons (Depths:3)
  5 vault sentinels
  An apocalypse crab (Gauntlet)
  3 gargoyles
  4 orange demons
  5 black mambas
  9 cane toads
  A smoke demon (Depths:2)
  3 kobold demonologists
  Jeremiah (Lair:1)
  4 rime drakes
  2 cane toads (shapeshifter)
  10 torpor snails
  6 komodo dragons
  A rime drake (shapeshifter) (D:13)
  Maggie (Lair:1)
  28 yaktaurs
  A purple draconian zombie (Crypt:2)
  A bunyip simulacrum (Crypt:3)
  3 guardian mummies (Crypt:3)
  A spark wasp simulacrum (Depths:2)
  3 freezing wraiths
  2 yaktaur skeletons
  An efreet (WizLab)
  An ice devil (WizLab)
  3 tengu conjurers
  2 polar bears
  A harpy zombie (Crypt:2)
  4 tyrant leeches
  2 trolls (shapeshifter) (D:15)
  2 hellwings (Swamp:4)
  A shadow dragon simulacrum (Depths:3)
  A bloated husk (Swamp:4)
  5 trolls
  39 tarantellas
  6 meliai
  A harpy skeleton (Crypt:1)
  A wolf spider simulacrum (D:14)
  A raiju (WizLab)
  3 tengu simulacra
  Grinder (D:6)
  A wind drake (WizLab)
  7 hornets
  13 blink frogs
  A guardian serpent zombie (Crypt:1)
  9 dream sheep (Lair:5)
  A culicivora zombie (Crypt:2)
  24 jumping spiders
  2 centaur simulacra
  6 air elementals
  34 slime creatures
  14 wraiths
  62 flying skulls
  4 shadows
  2 water elementals
  2 ynoxinuls
  2 ettin skeletons
  42 yaks
  7 fire elementals
  18 culicivoras
  A tyrant leech zombie (Crypt:1)
  A wyvern (Lair:2)
  3 hogs (Spider:1)
  2 humans (D:13)
  A human (shapeshifter) (D:13)
  12 vampire mosquitoes
  A basilisk (shapeshifter) (Spider:4)
  4 basilisks
  3 chaos spawn
  A harpy simulacrum (Crypt:3)
  5 small abominations
  53 redbacks
  13 swamp worms
  5 wargs (Orc:2)
  5 spatial vortices (WizLab)
  An acid dragon (D:13)
  An acid dragon (shapeshifter) (D:15)
  3 glowing shapeshifter skeletons (Depths:3)
  9 water moccasins
  A hell hound (WizLab)
  11 orc warriors
  A swamp drake (Swamp:1)
  A human skeleton (Depths:3)
  2 sky beasts
  6 great orb of eyes simulacra (IceCv)
  5 black bears
  6 boggarts
  14 wolves
  4 ogres
  A wolf (shapeshifter) (Elf:1)
  11 centaurs
  6 slime creature simulacra (IceCv)
  A hog skeleton (Crypt:2)
  4 kobold brigands
  3 human zombies
  A komodo dragon zombie (Crypt:2)
  15 bullfrogs
  8 necrophages
  A draconian skeleton (Crypt:2)
  3 glowing shapeshifter simulacra
  3 earth elementals
  4 scorpions
  3 killer bees (D:11)
  4 howler monkeys
  7 electric eels
  A lava snake (D:12)
  A quasit (WizLab)
  2 hounds
  3 jellies
  34 orc priests
  A sleepcap (D:6)
  3 iguanas
  9 orc wizards
  2 naga skeletons (Crypt:1)
  A howler monkey zombie (Crypt:1)
  5 adders
  4 gnolls (D:8)
  2 white imps (D:8)
  An ufetubus (D:7)
  3 adder zombies (Ossuary)
  A dart slug (D:5)
  74 orcs
  11 endoplasms
  3 giant cockroaches
  A gnoll zombie (Crypt:1)
  9 goblins
  7 hobgoblins
  6 quokkas
  5 ball pythons
  A ball python skeleton (Crypt:2)
  4 bats
  4 frilled lizards
  A frilled lizard skeleton (Crypt:1)
  3 goblin zombies (Ossuary)
  2 hobgoblin zombies (Ossuary)
  A jackal zombie (Crypt:2)
  34 kobolds
  2 kobold zombies (Ossuary)
  An orc zombie (D:8)
  3 quokka zombies (Ossuary)
  3 rats (D:1)
  2 rat zombies
  2 starspawn tentacles (WizLab)
2120 creatures vanquished.

Vanquished Creatures (collateral kills)
  An ancient lich (Zot:5)
  A Killer Klown (Zot:5)
  Rupert (Lair:4)
  Gastronok (Orc:1)
  2 vault wardens
  A vault guard (D:13)
  An ironbound frostheart (Vaults:1)
  3 spriggans
  A sun demon (D:1)
  An orb spider (Spider:4)
  An orc knight (Orc:1)
  A deep elf zephyrmancer (Elf:2)
  A manticore (Lair:5)
  A wolf spider (Spider:4)
  2 black mambas (Lair:5)
  A cane toad (Lair:5)
  2 hornets
  2 dream sheep (Lair:5)
  2 jumping spiders (Spider:4)
  A culicivora (Spider:4)
  2 yaks (Lair:5)
  2 swamp worms
  2 orc warriors (Orc:1)
  3 mummies (Ossuary)
  3 orcs
  2 goblin zombies (Ossuary)
  A hobgoblin zombie (Ossuary)
  A kobold zombie (Ossuary)
43 creatures vanquished.

Vanquished Creatures (others)
  An acid blob (Zot:5)
  2 fire giants
  A stone giant (Depths:1)
  A bunyip (Swamp:2)
  A deep elf death mage (Vaults:3)
  A mummy priest (Crypt:3)
  3 great orbs of eyes
  A yaktaur captain (Vaults:2)
  2 rakshasas
  A dancing weapon (Elf:1)
  A glowing orange brain (Depths:1)
  3 deep trolls
  An ironbound convoker (Vaults:3)
  A deep elf zephyrmancer (Elf:3)
  4 deep elf pyromancers
  An ugly thing (Depths:1)
  3 vault sentinels
  An eye of devastation (shapeshifter) (Depths:1)
  9 yaktaurs
  4 guardian mummies (Crypt:3)
  A bloated husk (Swamp:2)
  An ettin zombie (Vaults:3)
  A blink frog (WizLab)
  34 slime creatures
  2 golden eyes (D:1)
  2 water elementals
  2 floating eyes (Zot:3)
  2 humans (Spider:1)
  A redback (shapeshifter) (Depths:3)
  An acid dragon (Zot:1)
  A boggart (Depths:4)
  160 jellies
  A ball python (D:1)
  A butterfly (D:10)
  31 foxfires
  A starspawn tentacle (WizLab)
284 creatures vanquished.

Grand Total: 2447 creatures vanquished

Notes
Turn   | Place    | Note
-------+----------+-------------------------------------------
     0 | D:1      | MrSquiggles the Octopode Chaos Knight began the quest for
                  | the Orb.
     0 | D:1      | Reached XP level 1. HP: 16/16 MP: 1/1
    44 | D:1      | XOM: divination: detect creatures
    56 | D:1      | XOM: scenery: 1 doors close
   139 | D:1      | XOM: stat loss: -1 Int (13/14)
   146 | D:1      | Reached XP level 2. HP: 15/21 MP: 2/2
   148 | D:1      | Reached skill level 1 in Stealth
   478 | D:1      | XOM: destruction
   489 | D:1      | Reached XP level 3. HP: 23/26 MP: 3/3
   842 | D:2      | XOM: summons 1 hostile shadow creature
   910 | D:2      | Found Muliaqat's Jewellery Boutique.
   925 | D:2      | Learned a level 1 spell: Apportation
   934 | D:2      | XOM: god gift: chain mail {god gift}
   947 | D:2      | XOM: stat loss: -1 Dex (12/13)
   987 | D:2      | XOM: 6-stop teleportation journey
  1008 | D:2      | XOM: smoke on damage
  1283 | D:2      | XOM: give mutations
  1283 | D:2      | Gained mutation: You passively dampen the noise of your
                  | surroundings. [Xom's mischief]
  1283 | D:2      | Gained mutation: You are vulnerable to cold. (rC-) [Xom's
                  | mischief]
  1470 | D:1      | Reached XP level 4. HP: 31/31 MP: 4/4
  1802 | D:3      | You fall into a shaft and drop 3 floors!
  1850 | D:5      | Entered Level 5 of the Dungeon
  1956 | D:4      | Noticed a scorpion
  2071 | D:4      | Found a basalt altar of Yredelemnul.
  2223 | D:4      | Killed a scorpion
  2224 | D:4      | Reached XP level 5. HP: 29/37 MP: 5/5
  2456 | D:4      | Noticed Natasha
  2482 | D:4      | Noticed amoryguerra's ghost (amateur MiBe)
  2483 | D:4      | Found a runed translucent door.
  2781 | D:3      | XOM: summons 3 hostile shadow creatures
  3053 | D:3      | XOM: stat loss: -1 Dex (13/14)
  3462 | D:4      | XOM: give mutations
  3462 | D:4      | Gained mutation: You are partially covered in iridescent
                  | scales. (AC +2) [Xom's grace]
  3462 | D:4      | Gained mutation: Your spells are a little harder to cast,
                  | but a little more powerful. [Xom's grace]
  3462 | D:4      | Gained mutation: You have a pair of small antennae on your
                  | head. [Xom's grace]
  3466 | D:4      | Found an iron altar of Okawaru.
  3592 | D:4      | Reached XP level 6. HP: 43/43 MP: 6/6
  3667 | D:4      | XOM: give mutations
  3667 | D:4      | Gained mutation: Your mind is acute. (Int +4, Str/Dex -1)
                  | [Xom's grace]
  3667 | D:4      | Gained mutation: You are agile. (Dex +4, Str/Int -1) [Xom's
                  | grace]
  3667 | D:4      | Gained mutation: You are robust. (+10% HP) [Xom's grace]
  3696 | D:4      | XOM: give mutation
  3696 | D:4      | Gained mutation: Your spells are harder to cast, but more
                  | powerful. [Xom's grace]
  3800 | D:4      | XOM: cloud trail
  4409 | D:5      | Found a staircase to the Ecumenical Temple.
  4487 | D:5      | Noticed a water moccasin
  4571 | D:5      | Noticed Menkaure
  4824 | D:6      | Found a runed translucent door.
  4829 | D:6      | Noticed Grinder
  4837 | D:6      | Noticed laschroeter's ghost (novice MiFi)
  4848 | D:6      | XOM: give mutations
  4848 | D:6      | Gained mutation: You possess an exceptional clarity of
                  | mind. [Xom's mischief]
  4848 | D:6      | Gained mutation: You are somewhat resistant to further
                  | mutation. [Xom's mischief]
  4848 | D:6      | Lost mutation: You are somewhat resistant to further
                  | mutation. [Xom's mischief]
  4848 | D:6      | Lost mutation: Your spells are harder to cast, but more
                  | powerful. [Xom's mischief]
  4868 | D:6      | Noticed a troll
  4868 | D:6      | XOM: 1-stop teleportation journey
  4879 | D:6      | XOM: 2-stop teleportation journey
  4942 | D:6      | Reached XP level 7. HP: 53/53 MP: 7/7
  4949 | D:6      | XOM: torment (28/53 hp)
  5125 | D:6      | XOM: noise
  5161 | D:6      | XOM: summons friendly ufetubus
  5164 | D:6      | XOM: 2-stop teleportation journey
  5180 | D:6      | Killed a troll
  5181 | D:6      | Reached skill level 5 in Fighting
  5181 | D:6      | Reached skill level 5 in Stealth
  5233 | D:6      | Reached skill level 5 in Short Blades
  5453 | D:6      | Paralysed by Grinder for 3 turns
  5471 | D:6      | XOM: enchant monster (bad)
  5474 | D:6      | XOM: summons 4 hostile demons
  5479 | D:6      | XOM: silly message
  5481 | D:6      | Paralysed by Grinder for 4 turns
  5483 | D:6      | XOM: scenery: create altars
  5498 | D:6      | Killed Grinder
  5499 | D:6      | Reached skill level 5 in Dodging
  5499 | D:6      | Reached XP level 8. HP: 60/60 MP: 8/8
  6068 | D:7      | Noticed a troll
  6095 | D:7      | Found a stormy altar of Qazlal.
  6260 | D:7      | Found a glowing golden altar of the Shining One.
  6370 | D:7      | Found the +2 hat of the Bear Spirit {Spirit, Bear, *Rage
                  | Will++}
  6605 | D:7      | XOM: scenery: create altars
  6651 | D:7      | XOM: 6-stop teleportation journey
  6681 | D:7      | XOM: cloud trail
  6938 | D:8      | XOM: give mutations
  6938 | D:8      | Gained mutation: Your muscles are strong. (Str +4, Int/Dex
                  | -1) [Xom's grace]
  6938 | D:8      | Gained mutation: You expend magic power (3 MP) to
                  | strengthen your wands. [Xom's grace]
  6938 | D:8      | Gained mutation: You are partially covered in large bone
                  | plates. (SH +4) [Xom's grace]
  6938 | D:8      | Gained mutation: You passively map a small area around you.
                  | [Xom's grace]
  7042 | D:8      | Found a sand-covered staircase.
  7117 | Ossuary  | Entered an ossuary
  7120 | Ossuary  | XOM: summons 8 friendly demons
  7306 | Ossuary  | Identified the +10 rapier of Plunder {heavy, rPois rCorr
                  | Int+4} (Xom gifted it to you in an ossuary)
  7306 | Ossuary  | XOM: god gift: +10 rapier of Plunder {heavy, rPois rCorr
                  | Int+4}
  7355 | D:8      | Found Rexoen's Jewellery Shop.
  7355 | D:8      | XOM: 7-stop teleportation journey
  7574 | D:8      | XOM: god gift: +1 kite shield of positive energy
  7620 | D:8      | XOM: give mutations
  7620 | D:8      | Gained mutation: One of your tentacles bears a spike.
                  | [Xom's mischief]
  7620 | D:8      | Lost mutation: One of your tentacles bears a spike. [Xom's
                  | mischief]
  7661 | D:8      | Reached XP level 9. HP: 55/68 MP: 7/9
  7755 | D:2      | Bought the ring "Kanlimiv" {Fly rElec rC+ SInv} for 512
                  | gold pieces
  8147 | D:9      | Noticed a two-headed ogre
  8150 | D:9      | XOM: enchant monster (bad)
  8151 | D:9      | XOM: draining
  8183 | D:9      | Killed a two-headed ogre
  8184 | D:9      | Reached skill level 3 in Shields
  8254 | D:9      | Found a hazy altar of Hepliaklqana.
  8308 | D:9      | Found a blossoming altar of Fedhas.
  8308 | D:9      | XOM: 4-stop teleportation journey
  8328 | D:9      | Found a glowing silver altar of Zin.
  8329 | D:9      | Found an opulent altar of Gozag.
  8361 | D:9      | XOM: divination: detect items
  8549 | D:9      | Found a staircase to the Orcish Mines.
  8703 | D:9      | XOM: summons 5 hostile demons
  8977 | D:9      | XOM: enchant monster (good)
  8981 | D:9      | Reached skill level 4 in Shields
  9284 | D:10     | Entered Level 10 of the Dungeon
  9299 | D:10     | Reached XP level 10. HP: 60/78 MP: 5/10
  9356 | D:10     | XOM: noise
  9357 | D:10     | Reached skill level 5 in Shields
  9582 | D:9      | Noticed a rust devil
  9582 | D:9      | Noticed a rust devil
  9700 | D:10     | Noticed a kobold demonologist
  9703 | D:10     | Killed a kobold demonologist
  9722 | D:10     | XOM: silly message
  9742 | D:10     | Noticed an orange demon
  9748 | D:10     | Noticed Amaemon
  9751 | D:10     | XOM: cast spell 'Discord'
  9755 | D:10     | Killed an orange demon
  9756 | D:10     | Reached skill level 6 in Shields
  9758 | D:10     | XOM: potion effect (haste)
  9760 | D:10     | Killed Amaemon
  9863 | D:10     | Found a white marble altar of Elyvilon.
  9900 | D:10     | XOM: god gift: atropa-tipped dart
 10008 | D:10     | XOM: divination: magic mapping
 10209 | D:10     | Noticed Sonja
 10212 | D:10     | Killed Sonja
 10213 | D:10     | Reached skill level 7 in Shields
 10245 | D:10     | XOM: summons friendly shadow imp
 10257 | D:10     | Reached XP level 11. HP: 78/85 MP: 11/11
 10360 | D:10     | Found a staircase to the Lair.
 10397 | D:10     | XOM: cloud trail
 10585 | D:10     | Found a sacrificial altar of Ru.
 10669 | Lair:1   | Entered Level 1 of the Lair of Beasts
 10696 | Lair:1   | XOM: enchant monster (good)
 10702 | Lair:1   | XOM: divination: magic mapping
 10766 | Lair:1   | Reached skill level 8 in Shields
 10794 | Lair:1   | XOM: divination: detect items
 10797 | Lair:1   | XOM: noise
 10832 | Lair:1   | Noticed Jeremiah
 10843 | Lair:1   | Killed Jeremiah
 10940 | Lair:1   | Found a burning altar of Makhleb.
 10970 | Lair:1   | XOM: potion effect (heal wounds)
 11005 | Lair:1   | Noticed a five-headed hydra
 11040 | Lair:1   | XOM: cloud trail
 11093 | Lair:1   | Killed a five-headed hydra
 11222 | Lair:1   | XOM: 1-stop teleportation journey
 11347 | Lair:1   | XOM: cloud trail
 11401 | Lair:1   | Reached skill level 9 in Shields
 11573 | Lair:1   | Noticed Maggie
 11585 | Lair:1   | Killed Maggie
 11925 | Lair:2   | Found a gate leading to a gauntlet.
 11939 | Gauntlet | Entered a Gauntlet
 11939 | Gauntlet | Found a transporter.
 11946 | Gauntlet | Found a runed translucent door.
 11947 | Gauntlet | Noticed a wizard
 11948 | Gauntlet | Found a transporter.
 11948 | Gauntlet | Noticed a wizard
 11950 | Gauntlet | Found a runed translucent door.
 11964 | Gauntlet | Found a transporter.
 11968 | Gauntlet | Found a transporter.
 11972 | Gauntlet | Noticed a quicksilver ooze
 11989 | Gauntlet | Found a transporter.
 12002 | Gauntlet | Found a transporter.
 12016 | Gauntlet | Found a transporter.
 12042 | Gauntlet | Noticed a catoblepas
 12045 | Gauntlet | Found a transporter.
 12045 | Gauntlet | Found a transporter.
 12050 | Gauntlet | Found a transporter.
 12073 | Gauntlet | Found a transporter.
 12074 | Gauntlet | Found the +5 demon whip "Spellbinder" {antimagic, disrupt,
                  | Will+}
 12077 | Gauntlet | Found a transporter.
 12231 | Gauntlet | Identified the amulet "Sizia" {RegenMP -Tele rPois rC-
                  | Dex+6}
 12325 | Gauntlet | Identified the +6 war axe "MrSquiggles's Bane" {venom,
                  | rCorr}
 12325 | Gauntlet | Noticed a minotaur
 12340 | Gauntlet | Killed a minotaur
 12341 | Gauntlet | Reached XP level 12. HP: 75/94 MP: 4/12
 12355 | Gauntlet | Identified the +0 robe of the Dungeon {rPois Str-3 Int+8
                  | Dex-3}
 12631 | Lair:2   | Reached skill level 10 in Shields
 12652 | Lair:2   | Noticed a skyshark
 12663 | Lair:2   | XOM: potion effect (experience)
 12663 | Lair:2   | Reached XP level 13. HP: 70/99 MP: 7/13
 12813 | Lair:2   | XOM: 3-stop teleportation journey
 12900 | Lair:2   | XOM: smoke on damage
 12977 | Lair:2   | XOM: god gift: wand of roots (2)
 12979 | Lair:2   | XOM: noise
 13104 | Lair:2   | XOM: cloud trail
 13301 | Lair:2   | XOM: destruction
 13309 | Lair:2   | Reached skill level 10 in Fighting
 13309 | Lair:2   | Reached skill level 10 in Short Blades
 13436 | Lair:2   | XOM: give mutations
 13436 | Lair:2   | Gained mutation: Your system is resistant to poisons.
                  | (rPois) [Xom's grace]
 13436 | Lair:2   | Gained mutation: Your natural rate of healing is unusually
                  | fast. [Xom's grace]
 13436 | Lair:2   | Gained mutation: You have hidden genetic potential. [Xom's
                  | grace]
 13677 | Lair:3   | XOM: give mutations
 13677 | Lair:3   | Gained mutation: You heal very quickly. [Xom's grace]
 13677 | Lair:3   | Gained mutation: You have a pair of antennae on your head.
                  | [Xom's grace]
 13677 | Lair:3   | Gained mutation: You are very agile. (Dex +8, Str/Int -2)
                  | [Xom's grace]
 13686 | Lair:3   | Found a hole to the Spider Nest.
 13724 | Lair:3   | XOM: potion effect (invisibility)
 13748 | Lair:3   | XOM: stat loss: -1 Str (12/13)
 13758 | Lair:3   | XOM: swap monsters
 13766 | Lair:3   | Reached skill level 10 in Dodging
 13773 | Lair:3   | Reached skill level 11 in Shields
 14020 | Lair:3   | XOM: swap monsters
 14074 | Lair:3   | Found a staircase to the Swamp.
 14079 | Lair:3   | Reached skill level 1 in Maces & Flails
 14082 | Lair:3   | XOM: torment (58/101 hp)
 14440 | Lair:3   | XOM: divination: magic mapping
 14540 | Lair:3   | XOM: scenery: create altars
 14697 | Lair:4   | XOM: enchant monster (good)
 14760 | Lair:3   | XOM: divination: detect items
 14915 | Lair:3   | XOM: blink monster(s)
 14979 | Lair:4   | Noticed Rupert
 14989 | Lair:4   | XOM is BORED!
 14989 | Lair:4   | XOM: repel stairs
 14993 | Lair:4   | Killed Rupert
 15105 | Lair:4   | XOM: give mutations
 15105 | Lair:4   | Lost mutation: You are vulnerable to cold. (rC-) [Xom's
                  | grace]
 15105 | Lair:4   | Gained mutation: Your flesh is cold resistant. (rC+) [Xom's
                  | grace]
 15105 | Lair:4   | Gained mutation: Your mind is very acute. (Int +8, Str/Dex
                  | -2) [Xom's grace]
 15131 | Lair:4   | XOM: cleaving
 15273 | Lair:4   | XOM: scenery: create altars
 15277 | Lair:4   | XOM: 1-stop teleportation journey
 15297 | Lair:4   | XOM: scenery: create altars
 15674 | Lair:5   | Entered Level 5 of the Lair of Beasts
 15680 | Lair:5   | Reached XP level 14. HP: 108/108 MP: 10/14
 15740 | Lair:5   | XOM: destruction
 15750 | Lair:5   | Reached skill level 12 in Shields
 15750 | Lair:5   | XOM: divination: detect creatures
 15773 | Lair:5   | XOM: silly message
 15777 | Lair:5   | XOM: potion effect (might)
 15899 | Lair:5   | Gained mutation: Your muscles are very strong. (Str +8,
                  | Int/Dex -2) [hidden potential]
 16038 | Lair:5   | Found a viscous altar of Jiyva.
 16039 | Lair:5   | Found a staircase to the Slime Pits.
 16163 | Lair:5   | XOM: divination: magic mapping
 16194 | Lair:5   | XOM: cast spell 'Death Channel'
 16215 | Lair:5   | XOM: polymorph yak -> guardian serpent
 16273 | Lair:5   | XOM: enchant monster (good)
 16412 | Lair:5   | XOM: cloud trail
 16502 | Lair:5   | XOM: enchant monster (good)
 16505 | Lair:5   | XOM: confuse monster(s)
 16509 | Lair:5   | XOM: divination: detect items
 16513 | Lair:5   | XOM: give mutations
 16513 | Lair:5   | Lost mutation: You expend magic power (3 MP) to strengthen
                  | your wands. [Xom's mischief]
 16513 | Lair:5   | Lost mutation: You heal very quickly. [Xom's mischief]
 16513 | Lair:5   | Lost mutation: You passively map a small area around you.
                  | [Xom's mischief]
 16513 | Lair:5   | Lost mutation: You are robust. (+10% HP) [Xom's mischief]
 16523 | Lair:5   | XOM: confuse monster(s)
 16537 | Lair:5   | XOM: divination: detect creatures
 16539 | Lair:5   | XOM: polymorph yak -> basilisk
 16566 | Lair:4   | XOM: polymorph basilisk -> entropy weaver
 16568 | Lair:4   | XOM: destruction
 16569 | Lair:4   | XOM: chaos cloud
 16584 | Lair:4   | XOM: polymorph entropy weaver -> fire crab
 16589 | Lair:4   | XOM: polymorph fire crab -> mana viper
 16591 | Lair:4   | XOM: polymorph mana viper -> glowing shapeshifter
 16613 | Lair:4   | a death yak changed into a formless jellyfish
 16613 | Lair:4   | Noticed a formless jellyfish
 16613 | Lair:4   | XOM: polymorph death yak -> formless jellyfish
 16627 | Lair:4   | Killed a formless jellyfish
 16776 | Lair:5   | Found the +10 tower shield of Ignorance {rN+ Int-4}
 16906 | Lair:5   | XOM: give mutations
 16906 | Lair:5   | Lost mutation: Your mind is very acute. (Int +8, Str/Dex
                  | -2) [Xom's mischief]
 16906 | Lair:5   | Lost mutation: Your mind is acute. (Int +4, Str/Dex -1)
                  | [Xom's mischief]
 16906 | Lair:5   | Lost mutation: Your system is resistant to poisons. (rPois)
                  | [Xom's mischief]
 17044 | Orc:1    | XOM: noise
 17044 | Orc:1    | Entered Level 1 of the Orcish Mines
 17098 | Orc:1    | Found Qurol's CLEARANCE SALE!.
 17317 | D:2      | Bought the ring "Funara Qeun" {+Blink rF+ AC+4 Slay+2
                  | Stlth-} for 768 gold pieces
 17514 | Orc:1    | Found Obate's Book Shoppe.
 17705 | Orc:2    | Entered Level 2 of the Orcish Mines
 17796 | Orc:2    | Found a runed translucent gate.
 17797 | Orc:2    | Found a runed translucent gate.
 17818 | Orc:2    | Found a runed translucent gate.
 17818 | Orc:2    | Noticed a stone giant
 17842 | Orc:2    | Noticed Jorgrun
 17843 | Orc:2    | XOM: silly message
 17854 | Orc:2    | Killed Jorgrun
 17867 | Orc:2    | XOM: cloud trail
 17922 | Orc:2    | XOM: scenery: create altars
 17964 | Orc:2    | Found Jecybb's Magic Scroll Shoppe.
 17966 | Orc:2    | Found Avvaacs's General Store.
 18050 | Orc:2    | XOM: enchant monster (good)
 18062 | Orc:2    | XOM: summons friendly iron imp
 18071 | Orc:2    | XOM: enchant monster (bad)
 18076 | Orc:2    | XOM: polymorph iron imp -> quasit
 18077 | Orc:2    | XOM: summons friendly iron imp
 18193 | Orc:2    | Found Arrirut's Antique Weapon Shop.
 18194 | Orc:2    | XOM: summons 3 friendly demons
 18199 | Orc:2    | Reached skill level 13 in Shields
 18212 | Orc:2    | Found Gookhlem's Jewellery Shoppe.
 18313 | Orc:2    | Found a staircase to the Elven Halls.
 18337 | Orc:2    | XOM: cloud trail
 18539 | Orc:2    | Found an iron altar of Okawaru.
 18539 | Orc:2    | Noticed mortress's ghost (journeyman DsNe)
 18540 | Orc:2    | Identified the +2 robe of the Lion {rPois Will+}
 18561 | Orc:2    | Reached XP level 15. HP: 108/108 MP: 15/15
 18754 | Orc:2    | XOM: stat loss: -1 Dex (29/30)
 18854 | Orc:1    | Noticed Gastronok
 18861 | Orc:1    | Killed Gastronok
 18862 | Orc:1    | XOM: summons 1 hostile demon
 18926 | Orc:1    | Noticed Nergalle
 18929 | Orc:1    | Killed Nergalle
 19008 | Orc:2    | XOM: give mutations
 19008 | Orc:2    | Gained mutation: Your system is resistant to poisons.
                  | (rPois) [Xom's grace]
 19008 | Orc:2    | Gained mutation: You passively map a small area around you.
                  | [Xom's grace]
 19008 | Orc:2    | Gained mutation: You passively map the area around you.
                  | [Xom's grace]
 19165 | D:11     | XOM: 7-stop teleportation journey
 19219 | D:11     | XOM: summons 8 hostile demons
 19354 | D:11     | XOM: potion effect (brilliance)
 19453 | D:11     | Found Micsuq's Armour Boutique.
 19552 | D:11     | XOM: scenery: 1 doors open
 19630 | D:11     | XOM: give mutations
 19630 | D:11     | Gained mutation: A frigid envelope surrounds you and
                  | freezes all who hurt you. [Xom's grace]
 19630 | D:11     | Gained mutation: You have great hidden genetic potential.
                  | [Xom's grace]
 19630 | D:11     | Gained mutation: Your flesh is very cold resistant. (rC++)
                  | [Xom's grace]
 19630 | D:11     | Gained mutation: You are robust. (+10% HP) [Xom's grace]
 19662 | D:11     | XOM: fake destruction
 19694 | D:11     | XOM: give mutation
 19694 | D:11     | Gained mutation: You have an increased reservoir of magic.
                  | (+10% MP) [Xom's grace]
 19740 | D:11     | XOM: polymorph two-headed ogre -> orb spider
 19758 | D:11     | Gained mutation: You are very robust. (+20% HP) [hidden
                  | potential]
 19758 | D:11     | Lost mutation: You have great hidden genetic potential.
                  | [hidden potential expressed]
 20057 | D:12     | XOM: scenery: summon butterflies
 20317 | D:12     | XOM: cloud trail
 20402 | D:12     | XOM: give mutations
 20402 | D:12     | Gained mutation: One of your tentacles bears a spike.
                  | [Xom's grace]
 20402 | D:12     | Gained mutation: One of your tentacles bears a nasty spike.
                  | [Xom's grace]
 20402 | D:12     | Gained mutation: You heal very quickly. [Xom's grace]
 20402 | D:12     | Gained mutation: You passively map a large area around you.
                  | [Xom's grace]
 20456 | D:12     | XOM: stat loss: -1 Int (9/10)
 20536 | D:12     | XOM: divination: detect creatures
 20727 | D:13     | Noticed Erolcha
 20733 | D:13     | Killed Erolcha
 20736 | D:13     | XOM: summons friendly quasit
 20806 | D:13     | XOM: enchant monster (good)
 20915 | D:13     | XOM: cleaving
 20921 | D:13     | Found a gate to the Vaults.
 20927 | D:13     | an ironbound thunderhulk changed into a shadow dragon
 20927 | D:13     | Noticed a shadow dragon
 20927 | D:13     | XOM: polymorph ironbound thunderhulk -> shadow dragon
 20933 | D:13     | Killed a shadow dragon
 20937 | D:13     | XOM: god gift: scroll of teleportation
 21132 | D:14     | XOM: 3-stop teleportation journey
 21190 | D:14     | XOM: enchant monster (good)
 21226 | D:14     | XOM: cast spell 'Olgreb's Toxic Radiance'
 21284 | D:14     | XOM is BORED!
 21284 | D:14     | XOM: draining
 21330 | D:14     | XOM: 1-stop teleportation journey
 21351 | D:14     | XOM: give mutations
 21351 | D:14     | Lost mutation: You heal very quickly. [Xom's mischief]
 21351 | D:14     | Lost mutation: You possess an exceptional clarity of mind.
                  | [Xom's mischief]
 21351 | D:14     | Lost mutation: You are partially covered in iridescent
                  | scales. (AC +2) [Xom's mischief]
 21514 | D:14     | XOM: give mutations
 21514 | D:14     | Lost mutation: Your spells are a little harder to cast, but
                  | a little more powerful. [Xom's mischief]
 21514 | D:14     | Lost mutation: You passively map a large area around you.
                  | [Xom's mischief]
 21548 | D:14     | XOM: divination: detect creatures
 21611 | D:14     | XOM: polymorph red ugly thing -> green ugly thing
 21753 | D:15     | Entered Level 15 of the Dungeon
 21767 | D:15     | Found a staircase to the Depths.
 21793 | D:15     | Found a frozen archway.
 21798 | D:15     | Reached skill level 14 in Shields
 21805 | D:15     | XOM: cloud trail
 21825 | IceCv    | Entered an ice cave
 21877 | IceCv    | XOM: destruction
 21878 | IceCv    | XOM: polymorph quicksilver ooze -> boulder beetle
 21881 | IceCv    | XOM: enchant monster (good)
 21994 | IceCv    | XOM: fog
 22071 | IceCv    | Reached XP level 16. HP: 140/140 MP: 17/17
 22116 | IceCv    | XOM: give mutations
 22116 | IceCv    | Gained mutation: You expend magic power (3 MP) to
                  | strengthen your wands. [Xom's grace]
 22116 | IceCv    | Gained mutation: One of your tentacles bears a large
                  | vicious spike. [Xom's grace]
 22116 | IceCv    | Gained mutation: Your mind is acute. (Int +4, Str/Dex -1)
                  | [Xom's grace]
 22131 | IceCv    | XOM: scenery: summon butterflies
 22276 | IceCv    | XOM: give mutations
 22276 | IceCv    | Gained mutation: Your mind is very acute. (Int +8, Str/Dex
                  | -2) [Xom's grace]
 22276 | IceCv    | Gained mutation: You are partially covered in iridescent
                  | scales. (AC +2) [Xom's grace]
 22276 | IceCv    | Lost mutation: You have hidden genetic potential. [Xom's
                  | grace]
 22276 | IceCv    | Gained mutation: You are somewhat resistant to further
                  | mutation. [Xom's grace]
 22326 | IceCv    | XOM: destruction
 22343 | IceCv    | Noticed a rockslime
 22353 | IceCv    | Killed a rockslime
 22372 | IceCv    | Found a viscous altar of Jiyva.
 22372 | IceCv    | Noticed an azure jelly
 22500 | IceCv    | Killed an azure jelly
 22513 | IceCv    | Noticed an azure jelly
 22524 | IceCv    | Killed an azure jelly
 22622 | IceCv    | XOM: divination: detect items
 22632 | IceCv    | XOM: confuse monster(s)
 22638 | IceCv    | XOM: noise
 22650 | IceCv    | XOM: god gift: sling {god gift}
 22655 | IceCv    | Identified the ring of Gotuoget {rC+ rN+ Will- Int+3}
 22660 | IceCv    | Got the ring "Vabaej" {Ice rPois Str+4 Int+5 Dex-4}
 22779 | D:15     | XOM: destruction
 22782 | D:15     | XOM: fog
 22783 | D:15     | XOM: divination: detect items
 22913 | D:15     | XOM: fake destruction
 22914 | D:15     | XOM: blink monster(s)
 23083 | D:15     | Got a vellum book
 23085 | D:15     | XOM: give mutation
 23085 | D:15     | Lost mutation: You are very agile. (Dex +8, Str/Int -2)
                  | [Xom's mischief]
 23356 | D:9      | XOM: torment (92/141 hp)
 23420 | Orc:2    | Bought a scroll of blinking for 97 gold pieces
 23420 | Orc:2    | Bought a phial of floods for 520 gold pieces
 23420 | Orc:2    | Bought a phantom mirror for 520 gold pieces
 23589 | Swamp:1  | Entered Level 1 of the Swamp
 23674 | Swamp:1  | XOM: 3-stop teleportation journey
 23681 | Swamp:1  | XOM: draining
 24155 | Swamp:1  | XOM: summons 1 hostile demon
 24207 | Swamp:2  | Noticed Donald
 24221 | Swamp:2  | XOM: cast spell 'Summon Hydra'
 24228 | Swamp:2  | Killed Donald
 24266 | Swamp:2  | Noticed a tentacled monstrosity
 24285 | Swamp:2  | Killed a tentacled monstrosity
 24347 | Swamp:2  | XOM: confusion (+ monsters)
 24494 | Swamp:2  | Reached skill level 15 in Shields
 24497 | Swamp:2  | Noticed a tentacled monstrosity
 24499 | Swamp:2  | XOM: 4-stop teleportation journey
 24527 | Swamp:2  | Reached skill level 1 in Poison Magic
 24538 | Swamp:2  | Reached skill level 1 in Transmutations
 24630 | Swamp:2  | XOM: cast spell 'Dispersal'
 24639 | Swamp:2  | Killed a tentacled monstrosity
 24776 | Swamp:3  | XOM: 2-stop teleportation journey
 24795 | Swamp:3  | XOM: cast spell 'Death Channel'
 24910 | Swamp:3  | XOM: 1-stop teleportation journey
 24928 | Swamp:3  | XOM: silly message
 25104 | Swamp:3  | XOM: give mutations
 25104 | Swamp:3  | Lost mutation: You are agile. (Dex +4, Str/Int -1) [Xom's
                  | mischief]
 25104 | Swamp:3  | Lost mutation: You passively map the area around you.
                  | [Xom's mischief]
 25104 | Swamp:3  | Lost mutation: Your flesh is very cold resistant. (rC++)
                  | [Xom's mischief]
 25104 | Swamp:3  | Lost mutation: You are very robust. (+20% HP) [Xom's
                  | mischief]
 25134 | Swamp:3  | XOM: swap monsters
 25449 | Swamp:4  | Entered Level 4 of the Swamp
 25459 | Swamp:4  | XOM: noise
 25464 | Swamp:4  | XOM: enchant monster (bad)
 25470 | Swamp:4  | Reached XP level 17. HP: 76/137 MP: 11/18
 25476 | Swamp:4  | XOM: 1-stop teleportation journey
 25510 | Swamp:3  | XOM: noise
 25546 | Swamp:4  | Reached skill level 10 in Evocations
 25621 | Swamp:4  | Reached skill level 5 in Poison Magic
 25744 | Swamp:4  | XOM: silly message
 25956 | Swamp:4  | Reached skill level 5 in Transmutations
 25961 | Swamp:4  | XOM: give mutations
 25961 | Swamp:4  | Lost mutation: You passively dampen the noise of your
                  | surroundings. [Xom's mischief]
 25961 | Swamp:4  | Lost mutation: A frigid envelope surrounds you and freezes
                  | all who hurt you. [Xom's mischief]
 25961 | Swamp:4  | Lost mutation: Your mind is very acute. (Int +8, Str/Dex
                  | -2) [Xom's mischief]
 25961 | Swamp:4  | Lost mutation: Your flesh is cold resistant. (rC+) [Xom's
                  | mischief]
 25997 | Swamp:4  | XOM: divination: magic mapping
 26003 | Swamp:4  | XOM: noise
 26030 | Swamp:4  | XOM: potion effect (haste)
 26126 | Swamp:4  | XOM: smoke on damage
 26132 | Swamp:4  | XOM: silly message
 26221 | Swamp:4  | Got a decaying rune of Zot
 26352 | Swamp:4  | XOM: silly message
 26422 | Swamp:4  | XOM: divination: magic mapping
 26431 | Swamp:4  | XOM: cast spell 'Call Canine Familiar'
 26537 | Swamp:4  | XOM: summons 9 hostile demons
 26774 | Spider:1 | XOM: noise
 26774 | Spider:1 | Entered Level 1 of the Spider Nest
 26774 | Spider:1 | Noticed Kirke
 26777 | Spider:1 | XOM: noise
 26788 | Spider:1 | Killed Kirke
 26822 | Spider:1 | XOM: fog
 26827 | Spider:1 | XOM: torment (90/137 hp)
 26853 | Spider:1 | XOM: torment (81/137 hp)
 26915 | Spider:1 | Noticed Roxanne
 27024 | Spider:1 | XOM: confuse monster(s)
 27031 | Spider:1 | XOM: scenery: summon butterflies
 27077 | Spider:1 | XOM: summons friendly ynoxinul
 27170 | Spider:1 | XOM: 10-stop teleportation journey
 27172 | Spider:1 | XOM: cast spell 'Summon Cactus Giant'
 27188 | Spider:1 | Killed Roxanne
 27264 | Spider:1 | Noticed Frances
 27273 | Spider:1 | Killed Frances
 27274 | Spider:1 | XOM: confuse monster(s)
 27281 | Spider:1 | Reached XP level 18. HP: 116/144 MP: 12/19
 27338 | Spider:1 | XOM: give mutation
 27338 | Spider:1 | Gained mutation: You are very robust. (+20% HP) [Xom's
                  | grace]
 27623 | Spider:2 | XOM: scenery: summon butterflies
 27641 | Spider:2 | XOM: cloud trail
 27705 | Spider:2 | XOM: confuse monster(s)
 27709 | Spider:2 | XOM: polymorph radroach -> slime creature
 27864 | Spider:2 | XOM: 6-stop teleportation journey
 27994 | Spider:2 | XOM: summons 4 hostile shadow creatures
 28061 | Spider:2 | XOM: enchant monster (bad)
 28079 | Spider:2 | XOM: torment (102/157 hp)
 28124 | Spider:2 | XOM: summons 1 hostile shadow creature
 28149 | Spider:2 | Noticed Agnes
 28154 | Spider:2 | Killed Agnes
 28300 | Spider:2 | XOM: draining
 28480 | Spider:3 | Learned a level 2 spell: Wereblood
 28647 | Spider:3 | XOM: blink monster(s)
 28661 | Spider:3 | XOM: noise
 28675 | Spider:3 | XOM: stat loss: -1 Str (19/20)
 28681 | Spider:3 | XOM: confuse monster(s)
 28724 | Spider:3 | XOM: silly message
 28750 | Spider:3 | XOM: stat loss: -1 Str (19/20)
 28878 | Spider:3 | XOM: silly message
 29141 | Spider:3 | XOM: polymorph ghost moth -> catoblepas
 29146 | Spider:3 | XOM: enchant monster (bad)
 29148 | Spider:3 | XOM: give mutations
 29148 | Spider:3 | Lost mutation: Your muscles are very strong. (Str +8,
                  | Int/Dex -2) [Xom's mischief]
 29148 | Spider:3 | Lost mutation: You are somewhat resistant to further
                  | mutation. [Xom's mischief]
 29148 | Spider:3 | Lost mutation: You are partially covered in large bone
                  | plates. (SH +4) [Xom's mischief]
 29148 | Spider:3 | Lost mutation: You are very robust. (+20% HP) [Xom's
                  | mischief]
 29151 | Spider:3 | XOM: god gift: +2 hat
 29314 | Spider:3 | XOM: draining
 29454 | Spider:3 | XOM: stat loss: -1 Dex (21/22)
 29547 | Spider:4 | Entered Level 4 of the Spider Nest
 29599 | Spider:4 | Reached skill level 15 in Evocations
 29620 | Spider:4 | XOM: polymorph ghost moth -> shapeshifter
 29818 | Spider:4 | XOM: fog
 29835 | Spider:4 | XOM: 1-stop teleportation journey
 29838 | Spider:4 | XOM: enchant monster (bad)
 29844 | Spider:4 | XOM: summons 10 hostile demons
 29852 | Spider:4 | XOM: 4-stop teleportation journey
 29858 | Spider:4 | XOM: polymorph orb spider -> shapeshifter
 29869 | Spider:4 | XOM: swap monsters
 29870 | Spider:4 | XOM: blink monster(s)
 29889 | Spider:4 | XOM: polymorph jumping spider -> salamander
 30035 | Spider:4 | Reached skill level 1 in Spellcasting
 30192 | Spider:4 | XOM: 2-stop teleportation journey
 30194 | Spider:4 | XOM: divination: magic mapping
 30346 | Spider:4 | XOM: cloud trail
 30379 | Spider:4 | XOM: summons 4 friendly demons
 30431 | Spider:4 | XOM: confuse monster(s)
 30440 | Spider:4 | XOM: cast spell 'Chain of Chaos'
 30467 | Spider:4 | XOM: cleaving
 30530 | Spider:4 | XOM: god gift: 23 gold pieces
 30564 | Spider:4 | XOM: enchant monster (good)
 30565 | Spider:4 | XOM: confuse monster(s)
 30584 | Spider:4 | XOM: summons friendly iron imp
 30587 | Spider:4 | XOM: cleaving
 30594 | Spider:4 | XOM: 1-stop teleportation journey
 30596 | Spider:4 | XOM: summons 4 friendly demons
 30607 | Spider:4 | XOM: draining
 30608 | Spider:4 | XOM: noise
 30611 | Spider:4 | Reached XP level 19. HP: 69/145 MP: 2/24
 30616 | Spider:4 | Reached skill level 10 in Poison Magic
 31072 | Spider:4 | Identified the +0 pair of gloves of Olefryh {Str+3} (Xom
                  | gifted it to you on level 4 of the Spider Nest)
 31072 | Spider:4 | XOM: god gift: +0 pair of gloves of Olefryh {Str+3}
 31167 | Spider:4 | XOM: stat loss: -1 Dex (21/22)
 31191 | Spider:4 | XOM: give mutations
 31191 | Spider:4 | Gained mutation: You have a pair of large antennae on your
                  | head. (SInv) [Xom's grace]
 31191 | Spider:4 | Gained mutation: Your muscles are very strong. (Str +8,
                  | Int/Dex -2) [Xom's grace]
 31286 | Spider:4 | XOM: blink monster(s)
 31319 | Spider:4 | Got a gossamer rune of Zot
 31480 | Lair:3   | Learned a level 4 spell: Manifold Assault
 31581 | Orc:1    | XOM: scenery: summon butterflies
 31775 | Lair:5   | Fell from the grace of Xom
 31775 | Lair:5   | Became a worshipper of Jiyva Joafij the Shapeless
 31778 | Slime:1  | Entered Level 1 of the Pits of Slime
 31814 | Slime:5  | Entered Level 5 of the Pits of Slime
 31834 | Slime:5  | Found a viscous altar of Jiyva.
 31838 | Slime:5  | Noticed the Royal Jelly
 32080 | Elf:1    | Entered Level 1 of the Elven Halls
 32088 | Elf:1    | Identified the +6 scimitar "Juhasch" {antimagic, rPois rF+
                  | rC+ Int+3}
 32302 | Elf:1    | Reached skill level 1 in Long Blades
 32318 | Elf:1    | Reached skill level 10 in Transmutations
 32601 | Elf:1    | Found Jonasucu's Weapon Shoppe.
 32616 | Elf:1    | Reached * piety under Jiyva
 32722 | Elf:1    | Learned a level 2 spell: Passwall
 32967 | Elf:2    | Found Pagefeox's General Store.
 33022 | Elf:2    | Found a magical portal.
 33035 | WizLab   | Entered The Roulette of Golubria
 33035 | WizLab   | Found a transporter.
 33035 | WizLab   | Reached ** piety under Jiyva
 33043 | WizLab   | Found a corrupted altar of Lugonu.
 33057 | WizLab   | Found a transporter.
 33092 | WizLab   | Found a transporter.
 33110 | WizLab   | Found a transporter.
 33149 | WizLab   | Found a transporter.
 33184 | WizLab   | Found a transporter.
 33240 | WizLab   | Found a transporter.
 33265 | WizLab   | Found a transporter.
 33308 | WizLab   | Found the +1 cloak of Starlight {*Dazzle EV+4 Stlth--}
 33322 | WizLab   | Found a transporter.
 33363 | WizLab   | Found a transporter.
 33370 | WizLab   | Reached skill level 1 in Earth Magic
 33381 | WizLab   | Found a transporter.
 33381 | WizLab   | Found a transporter.
 33426 | WizLab   | Found a transporter.
 33449 | WizLab   | Found a transporter.
 33449 | WizLab   | Found a transporter.
 33453 | WizLab   | XOM: noise
 33495 | WizLab   | Found a transporter.
 33495 | WizLab   | Found a transporter.
 33575 | WizLab   | Found a transporter.
 33575 | WizLab   | Found a transporter.
 33575 | WizLab   | Reached *** piety under Jiyva
 33578 | WizLab   | Found a corrupted altar of Lugonu.
 33639 | Elf:2    | Found Timydghit's General Store.
 33639 | Elf:2    | Found Guros's Assorted Antiques.
 33640 | Elf:2    | Found Pylinid's Book Boutique.
 33642 | Elf:2    | Found Mujy's Jewellery Shop.
 33649 | Elf:2    | Paralysed by an air elemental for 1 turns
 33713 | Elf:2    | Noticed Nikola
 33727 | Elf:2    | Killed Nikola
 33752 | Elf:2    | Lost mutation: You have a pair of large antennae on your
                  | head. (SInv) [Jiyva's grace]
 33752 | Elf:2    | Lost mutation: You are partially covered in iridescent
                  | scales. (AC +2) [Jiyva's grace]
 33752 | Elf:2    | Lost mutation: Your muscles are very strong. (Str +8,
                  | Int/Dex -2) [Jiyva's grace]
 33752 | Elf:2    | Gained mutation: Your spells are a little harder to cast,
                  | but a little more powerful. [Jiyva's grace]
 33752 | Elf:2    | Gained mutation: Your spells are harder to cast, but more
                  | powerful. [Jiyva's grace]
 33752 | Elf:2    | Gained mutation: Your spells are much harder to cast, but
                  | much more powerful. [Jiyva's grace]
 33752 | Elf:2    | Gained mutation: Your flesh is heat resistant. (rF+)
                  | [Jiyva's grace]
 33919 | Elf:2    | XOM: 1-stop teleportation journey
 34012 | Elf:2    | Reached skill level 10 in Stealth
 34015 | Elf:2    | Reached XP level 20. HP: 103/158 MP: 20/28
 34160 | Elf:2    | Found a runed translucent gate.
 34160 | Elf:2    | Found a runed translucent gate.
 34160 | Elf:2    | Found a runed translucent gate.
 34165 | Elf:2    | Reached **** piety under Jiyva
 34287 | Elf:2    | XOM: silly message
 34365 | Elf:2    | Paralysed by an air elemental for 1 turns
 34372 | Elf:2    | Paralysed by an air elemental for 1 turns
 34489 | Elf:2    | XOM: silly message
 34623 | Elf:3    | Entered Level 3 of the Elven Halls
 34813 | Elf:3    | Reached skill level 15 in Fighting
 34824 | Elf:3    | Reached skill level 15 in Dodging
 34848 | Elf:3    | Reached skill level 5 in Spellcasting
 34958 | Elf:3    | Identified the +4 mace of Moderation {flame, Contam rPois
                  | Str+4 Int+4}
 34961 | Elf:3    | Reached skill level 5 in Long Blades
 34975 | Elf:3    | Identified the +2 mace of Chaos {protect, rCorr MP+9
                  | Stlth-}
 34988 | Elf:3    | Reached skill level 16 in Shields
 35106 | Elf:3    | Identified the +0 rapier "Woga" {vamp, rF+ rCorr Dex+2}
 35121 | Elf:3    | Identified the amulet of Viebip {Acrobat Str+3}
 35126 | Elf:3    | Identified the +4 ring mail "Xeadwew" {Stlth+}
 35129 | Elf:3    | Noticed a Tzitzimitl
 35281 | Elf:3    | Identified the +5 mace "Qiopp" {venom, Str+5}
 35371 | Elf:3    | Identified the +0 helmet "Muaf" {+Inv rN++ Regen+ Int-2}
 35386 | Elf:3    | Got a levitating book
 35411 | Elf:3    | Identified the staff "Nopob" {rF+ rN+ MP+9 Conj}
 35414 | Elf:3    | Got a gaudy book
 35420 | Elf:3    | Got a shiny book
 35426 | Elf:3    | Found the +3 pair of mountain boots {steadfast, rC+}
 35447 | Elf:3    | Identified the staff "Benlihon" {Fly rF+ Int+7 Fire}
 35583 | Elf:3    | XOM: polymorph jelly -> killer bee
 35609 | Elf:2    | XOM: noise
 35852 | Vaults:1 | Entered Level 1 of the Vaults
 35882 | Vaults:1 | Noticed Norris
 35914 | Vaults:1 | Killed Norris
 35938 | Vaults:1 | Lost mutation: One of your tentacles bears a large vicious
                  | spike. [Jiyva's grace]
 35938 | Vaults:1 | Lost mutation: One of your tentacles bears a nasty spike.
                  | [Jiyva's grace]
 35938 | Vaults:1 | Lost mutation: Your mind is acute. (Int +4, Str/Dex -1)
                  | [Jiyva's grace]
 35938 | Vaults:1 | Lost mutation: You passively map a small area around you.
                  | [Jiyva's grace]
 35938 | Vaults:1 | Lost mutation: Your system is resistant to poisons. (rPois)
                  | [Jiyva's grace]
 35938 | Vaults:1 | Lost mutation: You are robust. (+10% HP) [Jiyva's grace]
 35938 | Vaults:1 | Lost mutation: Your spells are much harder to cast, but
                  | much more powerful. [Jiyva's grace]
 35938 | Vaults:1 | Lost mutation: You expend magic power (3 MP) to strengthen
                  | your wands. [Jiyva's grace]
 35938 | Vaults:1 | Gained mutation: Your melee attacks may engulf your foes in
                  | ooze. [Jiyva's grace]
 35938 | Vaults:1 | Gained mutation: You have acidic saliva. [Jiyva's grace]
 35938 | Vaults:1 | Gained mutation: You possess an exceptional clarity of
                  | mind. [Jiyva's grace]
 35938 | Vaults:1 | Gained mutation: One of your tentacles bears a nasty spike.
                  | [Jiyva's grace]
 36125 | Vaults:1 | XOM: silly message
 36331 | Vaults:1 | Found Soileeh's Jewellery Emporium.
 36381 | Vaults:1 | Reached XP level 21. HP: 143/152 MP: 30/33
 36433 | Vaults:1 | Reached ***** piety under Jiyva
 36542 | Vaults:1 | XOM: noise
 36929 | Vaults:1 | XOM: give mutations
 36929 | Vaults:1 | Lost mutation: Your flesh is heat resistant. (rF+) [Xom's
                  | mischief]
 36929 | Vaults:1 | Lost mutation: One of your tentacles bears a nasty spike.
                  | [Xom's mischief]
 36929 | Vaults:1 | Lost mutation: Your muscles are strong. (Str +4, Int/Dex
                  | -1) [Xom's mischief]
 36976 | Vaults:1 | Found Pabai's Armour Boutique.
 37026 | Vaults:1 | Lost mutation: You have a pair of antennae on your head.
                  | [Jiyva's grace]
 37026 | Vaults:1 | Lost mutation: One of your tentacles bears a spike.
                  | [Jiyva's grace]
 37026 | Vaults:1 | Lost mutation: You have an increased reservoir of magic.
                  | (+10% MP) [Jiyva's grace]
 37026 | Vaults:1 | Lost mutation: Your spells are harder to cast, but more
                  | powerful. [Jiyva's grace]
 37026 | Vaults:1 | Lost mutation: You have acidic saliva. [Jiyva's grace]
 37026 | Vaults:1 | Gained mutation: Your flesh is heat resistant. (rF+)
                  | [Jiyva's grace]
 37026 | Vaults:1 | Gained mutation: Your flesh is very heat resistant. (rF++)
                  | [Jiyva's grace]
 37026 | Vaults:1 | Gained mutation: Your flesh is almost immune to the effects
                  | of heat. (rF+++) [Jiyva's grace]
 37026 | Vaults:1 | Gained mutation: You have a small jelly attached to you
                  | that senses nearby items. [Jiyva's grace]
 37264 | Vaults:1 | XOM: draining
 37300 | Vaults:2 | XOM: noise
 37417 | Vaults:2 | XOM: enchant monster (bad)
 37550 | Vaults:2 | XOM: give mutations
 37550 | Vaults:2 | Lost mutation: You have a small jelly attached to you that
                  | senses nearby items. [Xom's mischief]
 37550 | Vaults:2 | Lost mutation: You have a pair of small antennae on your
                  | head. [Xom's mischief]
 37550 | Vaults:2 | Gained mutation: You are frail. (-10% HP) [Xom's mischief]
 37620 | Vaults:2 | Found Elemufox's Antique Weapon Shoppe.
 37815 | Vaults:2 | Reached ****** piety under Jiyva
 38000 | Vaults:2 | XOM: summons 3 hostile shadow creatures
 38184 | Vaults:2 | XOM: god gift: 5 stones
 38815 | Slime:5  | Got a slimy rune of Zot
 38823 | Slime:5  | Identified the staff "Kayvi" {rPois rC- Str+3 Poison}
 38830 | Slime:5  | Identified the ring of Past Mistakes {rN+ Dex+3 SInv}
 38848 | Slime:5  | Got an inconspicuous book
 38850 | Slime:5  | Found the +8 storm bow {elec, penet}
 38858 | Slime:5  | Identified the ring of the Stallion {rCorr Str+3 Int+6
                  | Dex-5}
 38859 | Slime:5  | Identified the +0 great sword of Tension {elec, rF+ Dex+3}
 39061 | Slime:5  | XOM: summons 13 hostile demons
 39422 | Vaults:1 | XOM: polymorph jelly -> swamp drake
 39560 | Vaults:3 | Reached skill level 17 in Shields
 39587 | Vaults:3 | Noticed Frederick
 39597 | Vaults:3 | Killed Frederick
 39601 | Vaults:3 | Lost mutation: You are frail. (-10% HP) [Jiyva's grace]
 39601 | Vaults:3 | Lost mutation: Your melee attacks may engulf your foes in
                  | ooze. [Jiyva's grace]
 39601 | Vaults:3 | Gained mutation: You have a small jelly attached to you
                  | that senses nearby items. [Jiyva's grace]
 39601 | Vaults:3 | Gained mutation: One of your tentacles bears a spike.
                  | [Jiyva's grace]
 39601 | Vaults:3 | Gained mutation: One of your tentacles bears a nasty spike.
                  | [Jiyva's grace]
 39601 | Vaults:3 | Gained mutation: One of your tentacles bears a large
                  | vicious spike. [Jiyva's grace]
 39616 | Vaults:3 | Found a staircase to the Crypt.
 39653 | Vaults:3 | XOM: summons 2 hostile demons
 40134 | Vaults:3 | Identified the staff of Anguish {rCorr Int+5 Dex-3 Conj}
 40489 | Vaults:3 | XOM: give mutation
 40489 | Vaults:3 | Gained mutation: A frigid envelope surrounds you and
                  | freezes all who hurt you. [Xom's mischief]
 40500 | Vaults:4 | XOM: stat loss: -3 Int (11/14)
 40508 | Vaults:4 | XOM: polymorph great orb of eyes -> broodmother
 40642 | Vaults:4 | Reached XP level 22. HP: 162/162 MP: 31/31
 40809 | Vaults:4 | Lost mutation: One of your tentacles bears a large vicious
                  | spike. [Jiyva's grace]
 40809 | Vaults:4 | Lost mutation: Your flesh is almost immune to the effects
                  | of heat. (rF+++) [Jiyva's grace]
 40809 | Vaults:4 | Lost mutation: You have a small jelly attached to you that
                  | senses nearby items. [Jiyva's grace]
 40809 | Vaults:4 | Gained mutation: You passively map a small area around you.
                  | [Jiyva's grace]
 40809 | Vaults:4 | Gained mutation: You passively map the area around you.
                  | [Jiyva's grace]
 40809 | Vaults:4 | Gained mutation: You passively map a large area around you.
                  | [Jiyva's grace]
 40809 | Vaults:4 | Gained mutation: You are agile. (Dex +4, Str/Int -1)
                  | [Jiyva's grace]
 41022 | Vaults:4 | XOM: give mutations
 41022 | Vaults:4 | Gained mutation: You are partially covered in iridescent
                  | scales. (AC +2) [Xom's mischief]
 41022 | Vaults:4 | Gained mutation: One of your tentacles bears a large
                  | vicious spike. [Xom's mischief]
 41022 | Vaults:4 | Lost mutation: One of your tentacles bears a large vicious
                  | spike. [Xom's mischief]
 41022 | Vaults:4 | Was forgiven by Xom
 41174 | Vaults:4 | Identified the +7 scimitar "Mameij" {chaos, Fly SInv
                  | Stlth+}
 41596 | Crypt:1  | Entered Level 1 of the Crypt
 41867 | Crypt:1  | Found a transporter.
 41906 | Crypt:1  | Lost mutation: You are partially covered in iridescent
                  | scales. (AC +2) [Jiyva's grace]
 41906 | Crypt:1  | Lost mutation: You passively map a large area around you.
                  | [Jiyva's grace]
 41906 | Crypt:1  | Lost mutation: You passively map the area around you.
                  | [Jiyva's grace]
 41906 | Crypt:1  | Gained mutation: You are very agile. (Dex +8, Str/Int -2)
                  | [Jiyva's grace]
 41906 | Crypt:1  | Gained mutation: Your mind is acute. (Int +4, Str/Dex -1)
                  | [Jiyva's grace]
 41906 | Crypt:1  | Gained mutation: Your mind is very acute. (Int +8, Str/Dex
                  | -2) [Jiyva's grace]
 41906 | Crypt:1  | Gained mutation: You are robust. (+10% HP) [Jiyva's grace]
 42004 | Crypt:1  | Found a transporter.
 42009 | Crypt:1  | Noticed Foapeaxo's ghost (veteran HOMo)
 42011 | Crypt:1  | Noticed Dyigyrgh's ghost (adept GrFi)
 42327 | Crypt:1  | Noticed Micliseo's ghost (adept GrFi)
 42834 | Crypt:2  | Reached skill level 10 in Long Blades
 43153 | Crypt:3  | Entered Level 3 of the Crypt
 43427 | Crypt:3  | Reached skill level 18 in Shields
 43478 | Crypt:3  | Found an ancient bone altar of Kikubaaqudgha.
 43528 | Crypt:3  | Identified the ring of the Salamander {rN+ Str+2 Int+2}
 43528 | Crypt:3  | Noticed Khufu
 43599 | Crypt:3  | Slimified Khufu
 43599 | Crypt:3  | Khufu changed into Khufu the acid blob
 43599 | Crypt:3  | Noticed Khufu
 43611 | Crypt:3  | Noticed Jory
 43635 | Crypt:3  | Killed Jory
 43676 | Crypt:3  | Found the +5 glaive of the Guard {elec, spectral}
 43720 | Crypt:3  | Noticed a profane servitor
 43730 | Crypt:3  | Killed a profane servitor
 43800 | Crypt:3  | Reached XP level 23. HP: 185/185 MP: 32/32
 43922 | Crypt:3  | Identified the +3 leather armour "Ylubb" {rF+ rCorr Dex+3}
 43977 | Crypt:3  | Identified the ring "Voittimo" {rF+ rN+ Will+ Int-4 Slay+3}
 43994 | Crypt:3  | Found a staircase to the Tomb.
 44006 | Crypt:3  | Identified the ring of Waumn {rPois rN+ rCorr Dex-5 SInv}
 44060 | Crypt:3  | Lost mutation: You are very agile. (Dex +8, Str/Int -2)
                  | [Jiyva's grace]
 44060 | Crypt:3  | Lost mutation: You are agile. (Dex +4, Str/Int -1) [Jiyva's
                  | grace]
 44060 | Crypt:3  | Lost mutation: Your flesh is very heat resistant. (rF++)
                  | [Jiyva's grace]
 44060 | Crypt:3  | Gained mutation: Your pliable body absorbs attacks. (AC +2,
                  | EV +2) [Jiyva's grace]
 44060 | Crypt:3  | Gained mutation: Your gelatinous body deflects attacks. (AC
                  | +3, EV +3) [Jiyva's grace]
 44060 | Crypt:3  | Gained mutation: Your spells are harder to cast, but more
                  | powerful. [Jiyva's grace]
 44060 | Crypt:3  | Gained mutation: Your spells are much harder to cast, but
                  | much more powerful. [Jiyva's grace]
 44426 | Depths:1 | Entered Level 1 of the Depths
 44616 | Depths:1 | Noticed the Enchantress
 44632 | Depths:1 | Killed the Enchantress
 44708 | Depths:1 | Found a one-way gateway to a ziggurat.
 44761 | Depths:1 | Found a transporter.
 44786 | Depths:1 | Found a transporter.
 44872 | Depths:1 | Noticed Aizul
 44884 | Depths:1 | Killed Aizul
 44909 | Depths:1 | Reached skill level 19 in Shields
 45294 | Depths:1 | Found a gateway to Hell.
 45326 | Depths:1 | Found a transporter.
 45339 | Depths:1 | Found a transporter.
 45547 | Depths:1 | Learned a level 3 spell: Sigil of Binding
 45579 | Depths:1 | Gained mutation: Your body sometimes deteriorates upon
                  | taking damage. [mutagenic glow]
 45585 | Depths:1 | Gained mutation: Your body often deteriorates upon taking
                  | damage. [mutagenic glow]
 45592 | Depths:1 | Lost mutation: You possess an exceptional clarity of mind.
                  | [mutagenic glow]
 45603 | Depths:1 | Gained mutation: You are vulnerable to cold. (rC-)
                  | [mutagenic glow]
 45608 | Depths:1 | Gained mutation: You occasionally lose the ability to drink
                  | potions when taking damage. [mutagenic glow]
 45617 | Depths:1 | Lost mutation: Your mind is very acute. (Int +8, Str/Dex
                  | -2) [mutagenic glow]
 45629 | Depths:1 | Lost mutation: A frigid envelope surrounds you and freezes
                  | all who hurt you. [mutagenic glow]
 45645 | Depths:1 | Gained mutation: You occasionally lose the ability to read
                  | scrolls when taking damage. [mutagenic glow]
 45918 | Depths:2 | Found the +5 Storm Queen's Shield {shock, Fly rElec}
 46436 | Depths:2 | You are sucked into a shaft and drop 1 floor!
 46436 | Depths:3 | Noticed a golden dragon
 46453 | Depths:3 | Killed a golden dragon
 46547 | Depths:3 | Reached skill level 20 in Shields
 46752 | Depths:3 | Identified the ring "Rivvas" {Ice Int+4}
 46752 | Depths:3 | Noticed Josephina
 46783 | Depths:3 | Killed Josephina
 46784 | Depths:3 | Reached XP level 24. HP: 199/199 MP: 32/32
 46852 | Depths:3 | Found Raca's Book Shoppe.
 47149 | Depths:3 | Found a one-way gate to the infinite horrors of the Abyss.
 47165 | Depths:3 | Identified the +11 dagger of Domination {flame, *Noise Fly
                  | MP+9 Int+5}
 47250 | Depths:3 | Identified the +4 scale mail of Ru's Castigation {*Corrode
                  | Int+4}
 47606 | Depths:3 | Lost mutation: Your body often deteriorates upon taking
                  | damage. [Jiyva's grace]
 47606 | Depths:3 | Lost mutation: Your flesh is heat resistant. (rF+) [Jiyva's
                  | grace]
 47606 | Depths:3 | Lost mutation: Your spells are much harder to cast, but
                  | much more powerful. [Jiyva's grace]
 47606 | Depths:3 | Lost mutation: You are vulnerable to cold. (rC-) [Jiyva's
                  | grace]
 47606 | Depths:3 | Lost mutation: You occasionally lose the ability to drink
                  | potions when taking damage. [Jiyva's grace]
 47606 | Depths:3 | Lost mutation: You occasionally lose the ability to read
                  | scrolls when taking damage. [Jiyva's grace]
 47606 | Depths:3 | Gained mutation: You have a small jelly attached to you
                  | that senses nearby items. [Jiyva's grace]
 47606 | Depths:3 | Gained mutation: Your body has grown eyes which may confuse
                  | attackers. (Acc +3) [Jiyva's grace]
 47606 | Depths:3 | Gained mutation: Your body has grown many eyes which may
                  | confuse attackers. (Acc +5) [Jiyva's grace]
 47606 | Depths:3 | Gained mutation: Your body is covered in eyes which may
                  | confuse attackers. (Acc +7, SInv) [Jiyva's grace]
 47788 | Depths:3 | Found Big Baal Hell's Store.
 48018 | Depths:4 | Entered Level 4 of the Depths
 48150 | Depths:4 | Reached skill level 21 in Shields
 48157 | Depths:4 | Found a gate to the Realm of Zot.
 48269 | Depths:4 | Found a shimmering blue altar of Sif Muna.
 48301 | Depths:4 | Identified the amulet of the Duchess {RegenMP -Tele Harm
                  | rN++}
 48385 | Depths:4 | Got a dusty book
 48392 | Depths:4 | Got a disorganized book
 49040 | Zot:1    | Entered Level 1 of the Realm of Zot
 49058 | Zot:1    | Reached skill level 22 in Shields
 49058 | Zot:1    | Reached XP level 25. HP: 211/211 MP: 32/32
 49182 | Zot:1    | Found a transporter.
 49268 | Zot:1    | Found a transporter.
 49387 | Zot:1    | You are sucked into a shaft and drop 1 floor!
 49442 | Zot:2    | Noticed an orb of fire
 49442 | Zot:2    | Gained mutation: You occasionally lose the ability to read
                  | scrolls when taking damage. [an orb of fire]
 49443 | Zot:2    | Gained mutation: You occasionally lose the ability to drink
                  | potions when taking damage. [an orb of fire]
 49456 | Zot:2    | Gained mutation: Your magical capacity is low. (-10% MP)
                  | [an orb of fire]
 49464 | Zot:2    | Killed an orb of fire
 49798 | Zot:2    | Reached skill level 23 in Shields
 49827 | Zot:2    | Lost mutation: One of your tentacles bears a nasty spike.
                  | [Jiyva's grace]
 49827 | Zot:2    | Lost mutation: Your mind is acute. (Int +4, Str/Dex -1)
                  | [Jiyva's grace]
 49827 | Zot:2    | Lost mutation: Your body sometimes deteriorates upon taking
                  | damage. [Jiyva's grace]
 49827 | Zot:2    | Lost mutation: Your magical capacity is low. (-10% MP)
                  | [Jiyva's grace]
 49827 | Zot:2    | Lost mutation: Your spells are harder to cast, but more
                  | powerful. [Jiyva's grace]
 49827 | Zot:2    | Lost mutation: Your body is covered in eyes which may
                  | confuse attackers. (Acc +7, SInv) [Jiyva's grace]
 49827 | Zot:2    | Lost mutation: Your gelatinous body deflects attacks. (AC
                  | +3, EV +3) [Jiyva's grace]
 49827 | Zot:2    | Lost mutation: Your pliable body absorbs attacks. (AC +2,
                  | EV +2) [Jiyva's grace]
 49827 | Zot:2    | Lost mutation: You occasionally lose the ability to drink
                  | potions when taking damage. [Jiyva's grace]
 49827 | Zot:2    | Lost mutation: You occasionally lose the ability to read
                  | scrolls when taking damage. [Jiyva's grace]
 49827 | Zot:2    | Gained mutation: Your mind is acute. (Int +4, Str/Dex -1)
                  | [Jiyva's grace]
 49827 | Zot:2    | Gained mutation: Your mind is very acute. (Int +8, Str/Dex
                  | -2) [Jiyva's grace]
 49827 | Zot:2    | Gained mutation: You have hidden genetic potential.
                  | [Jiyva's grace]
 49827 | Zot:2    | Gained mutation: You have great hidden genetic potential.
                  | [Jiyva's grace]
 50657 | Zot:1    | Found the -2 hat of the Alchemist {rElec rPois rF+ rC+ rN+
                  | Will+ rMut rCorr}
 50774 | Zot:1    | Got a grimy book
 50795 | Zot:1    | Identified the ring of the Endless Expanse {rCorr Str+3
                  | Int+6 Dex+7}
 50857 | Zot:1    | Identified the +8 whip of Ignis's Whim {heavy, rPois Str+2}
 50905 | Zot:1    | Identified the +1 spear "Donua" {drain, rPois rC+ rN+
                  | Str-2}
 51305 | Zot:3    | Noticed a dread lich
 51313 | Zot:3    | Killed a dread lich
 51425 | Zot:3    | Noticed a dread lich
 51426 | Zot:3    | Noticed a dread lich
 51428 | Zot:3    | Noticed a dread lich
 51430 | Zot:3    | Noticed a dread lich
 51439 | Zot:3    | Noticed a dread lich
 51447 | Zot:3    | Killed a dread lich
 51448 | Zot:3    | Reached XP level 26. HP: 218/218 MP: 32/32
 51452 | Zot:3    | Killed a dread lich
 51460 | Zot:3    | Killed a dread lich
 51462 | Zot:3    | Killed a dread lich
 51469 | Zot:3    | Killed a dread lich
 51473 | Zot:3    | Reached skill level 24 in Shields
 51959 | Zot:3    | Identified a scroll of acquirement
 51960 | Zot:3    | Acquired a manual of Long Blades
 52200 | Zot:3    | Identified the +0 robe of the Hanged Man {rElec}
 52456 | Zot:4    | Gained mutation: One of your tentacles bears a nasty spike.
                  | [hidden potential]
 52641 | Zot:4    | Lost mutation: Your mind is very acute. (Int +8, Str/Dex
                  | -2) [Jiyva's grace]
 52641 | Zot:4    | Lost mutation: You have a small jelly attached to you that
                  | senses nearby items. [Jiyva's grace]
 52641 | Zot:4    | Gained mutation: You have a small jelly attached to you
                  | that senses nearby items. [Jiyva's grace]
 52641 | Zot:4    | Gained mutation: Your body is covered in eyes which may
                  | confuse attackers. (Acc +7, SInv) [Jiyva's grace]
 52641 | Zot:4    | Gained mutation: One of your tentacles bears a large
                  | vicious spike. [Jiyva's grace]
 52641 | Zot:4    | Gained mutation: You are partially covered in large bone
                  | plates. (SH +4) [Jiyva's grace]
 53759 | Zot:5    | Entered Level 5 of the Realm of Zot
 54108 | Zot:5    | Noticed an ancient lich
 54123 | Zot:5    | Killed an ancient lich
 54478 | Zot:5    | Noticed a Killer Klown
 54491 | Zot:5    | Killed a Killer Klown
 54549 | Zot:5    | Noticed an orb of fire
 54552 | Zot:5    | Gained mutation: You are vulnerable to cold. (rC-) [an orb
                  | of fire]
 54555 | Zot:5    | Gained mutation: Your magical capacity is low. (-10% MP)
                  | [an orb of fire]
 54564 | Zot:5    | Gained mutation: Your magical capacity is very low. (-20%
                  | MP) [an orb of fire]
 54569 | Zot:5    | Killed an orb of fire
 54570 | Zot:5    | Reached XP level 27. HP: 229/229 MP: 25/25
 54677 | Zot:5    | Noticed an ancient lich
 54689 | Zot:5    | Killed an ancient lich
 54732 | Zot:5    | Noticed an ancient lich
 54739 | Zot:5    | Noticed an orb of fire
 54739 | Zot:5    | Noticed an ancient lich
 54762 | Zot:5    | Killed an ancient lich
 54765 | Zot:5    | Noticed an orb of fire
 54765 | Zot:5    | Noticed a dread lich
 54765 | Zot:5    | a Killer Klown changed into a juggernaut
 54765 | Zot:5    | Noticed a juggernaut
 54841 | Zot:5    | Killed an ancient lich
 54904 | Zot:5    | Gained mutation: Your mind is very acute. (Int +8, Str/Dex
                  | -2) [hidden potential]
 54904 | Zot:5    | Lost mutation: You have great hidden genetic potential.
                  | [hidden potential expressed]
 55310 | Zot:5    | Killed a juggernaut
 55373 | Zot:5    | Reached skill level 25 in Shields
 55377 | Zot:5    | Lost mutation: You are robust. (+10% HP) [an orb of fire]
 55384 | Zot:5    | Killed an orb of fire
 55396 | Zot:5    | Killed an orb of fire
 55404 | Zot:5    | Killed a dread lich
 55869 | Zot:5    | Lost mutation: Your spells are a little harder to cast, but
                  | a little more powerful. [Jiyva's grace]
 55869 | Zot:5    | Lost mutation: You have hidden genetic potential. [Jiyva's
                  | grace]
 55869 | Zot:5    | Gained mutation: Your spells are a little harder to cast,
                  | but a little more powerful. [Jiyva's grace]
 55869 | Zot:5    | Gained mutation: Your spells are harder to cast, but more
                  | powerful. [Jiyva's grace]
 55869 | Zot:5    | Gained mutation: Your spells are much harder to cast, but
                  | much more powerful. [Jiyva's grace]
 55869 | Zot:5    | Gained mutation: You are resistant to electric shocks.
                  | (rElec) [Jiyva's grace]
 56477 | Elf:2    | Bought a potion of curing for 54 gold pieces
 56477 | Elf:2    | Bought a potion of heal wounds for 90 gold pieces
 56485 | Elf:2    | Learned a level 7 spell: Enfeeble
 56570 | Orc:1    | Bought a book of the Warp for 504 gold pieces
 56579 | Orc:1    | Learned a level 8 spell: Disjunction
 56586 | Orc:1    | Learned a level 6 spell: Dispersal
 56654 | Orc:2    | Bought a scroll of teleportation for 51 gold pieces
 56654 | Orc:2    | Bought a scroll of teleportation for 51 gold pieces
 56654 | Orc:2    | Bought a scroll of poison for 68 gold pieces
 57403 | Depths:2 | Found a one-way gate leading to the halls of Pandemonium.
 57767 | Zot:5    | Got the Orb of Zot
 57869 | Zot:1    | Noticed Fodo the pandemonium lord
 58128 | D:8      | Noticed Gizef the pandemonium lord
 58251 | D:1      | Learned a level 4 spell: Dimensional Bullseye
 58270 | D:1      | Gained mutation: You are weak. (Str -2) [mutagenic glow]
 58277 | D:1      | Lost mutation: Your spells are much harder to cast, but
                  | much more powerful. [mutagenic glow]
 58282 | D:1      | Gained mutation: You are very weak. (Str -4) [mutagenic
                  | glow]
 58295 | D:1      | Gained mutation: Your body sometimes deteriorates upon
                  | taking damage. [mutagenic glow]
 58302 | D:1      | Noticed a seraph
 58303 | D:1      | Gained mutation: Your magical capacity is extremely low.
                  | (-30% MP) [mutagenic glow]
 58310 | D:1      | Noticed a seraph
 58313 | D:$      | Escaped with the Orb!

Illustrated notes

Levels and vault maps discovered:
D:1:      kennysheep_arrival_seaside, layout_rooms, chequers_decorated_corner
D:2:      layout_rooms, serial_shops, shop, minmay_cupped
D:3:      layout_loops_corners
D:4:      cheibrodos_helix_gallery, layout_basic,
          mainiacjoe_overflow_six_doors_small, okawaru_altar_gauntlet_db,
          gammafunk_ghost_grave, uniq_natasha
D:5:      layout_gridville, minmay_temple_entry_metal_lava, uniq_menkaure
D:6:      layout_basic, ebering_ghost_sewer_d, chequers_serial_rivers_marsh,
          minivault_24, uniq_grinder
D:7:      layout_cave_pools, nicolae_overflow_crystal_walls,
          nicolae_qazlal_eye_of_the_storm
D:8:      layout_gridville, serial_shops, shop, enter_ossuary_3
D:9:      cheibrodos_iron_armory, layout_irregular_city,
          grunt_temple_overflow_gold_and_silver, fedhas_ov_isle_minmay,
          mainiacjoe_overflow_paths, orc_0_dummy
D:10:     layout_loops_corners, nicolae_elyvilon_peaceful_grove,
          mainiacjoe_overflow_alcove_2, grunt_lair_entry_orc_guard_hut,
          minivault_26, uniq_amaemon, uniq_sonja
D:11:     layout_gridville, serial_shops, kennysheep_mini_moat
D:12:     layout_big_octagon, roderic_lattice_a, serial_bayou_lagoon_b
D:13:     layout_rooms, hellmonk_vaults_keyhole, uniq_erolcha
D:14:     layout_rooms, minivault_23
D:15:     grunt_enter_depths_giant_problem, layout_rooms,
          portal_ice_cave_entry_pillars_three, minmay_strange_pillars,
          kennysheep_two_boxes
Lair:1:   layout_small_grid, basic_altar, st_stairs_7, grunt_megastairs_3,
          uniq_jeremiah, uniq_maggie
Lair:2:   layout_chaotic_city, gauntlet_entry_generic
Lair:3:   layout_regular_city, minmay_swamp_entry_swarm, dummy_spider_entry
Lair:4:   layout_long_grid, chequers_serial_rivers_micro_e, lemuel_fruit_tree,
          serial_bayou_shore_b, uniq_rupert
Lair:5:   evilmike_catoblepas_cave, layout_hall_layers,
          dpeg_slime_entry_enclosed
Swamp:1:  layout_basic_swamp, nicolae_swamp_tree_isthmus
Swamp:2:  layout_basic_swamp, evilmike_swamp_ruin_house_4,
          infiniplex_staircase_pool, uniq_donald
Swamp:3:  layout_basic_swamp, nicolae_swamp_bean_lake, swamp_pool1,
          nicolae_swamp_oklob_treasure_island
Swamp:4:  nzn_swamp_witches_coven, layout_basic_swamp, swamp_pool2
Spider:1: layout_spider_delve, nicolae_spider_eight_legs, uniq_kirke,
          uniq_roxanne, uniq_frances
Spider:2: layout_spider_delve, uniq_agnes
Spider:3: layout_spider_delve, hangedman_spider_tarantella_strand
Spider:4: hellmonk_spider_rune_endless_swarm, spiders_nest_ghost_moth_duel
Slime:1:  layout_caves
Slime:2:  layout_caves
Slime:3:  layout_caves, cheibrodos_slime_lost_civilization_5
Slime:4:  layout_caves
Slime:5:  slime_pit_nicolae_amoeboid
Orc:1:    layout_caves, serial_shops, shop_fountains, nicolae_shop_clearance,
          uniq_nergalle, uniq_gastronok
Orc:2:    st_orc_town, layout_diamond_mine, gammafunk_ghost_fury_of_okawaru,
          uniq_jorgrun
Elf:1:    minmay_elf_arrival_circle, layout_loops_cross, serial_shops,
          nicolae_shop_gibbet_a_chance, hangedman_elven_crosses_minicolossus
Elf:2:    nicolae_elf_blades_splatter_lattice [infiniplex_blade_entry_pillars],
          layout_gridlike, mu_enter_wizlab_5, serial_shops, shop,
          minmay_shoptagon, uniq_nikola
Elf:3:    minmay_elf_hall_not_hex, layout_rooms
Vaults:1: v_misc_29, nicolae_vaults_tetromino_T_1, st_more_cells,
          nicolae_vaults_closet_pinwheel_4, nicolae_vaults_trapezoid_3,
          v_misc_11, nicolae_vaults_tetromino_Z_1, ontoclasm_vaults_twist,
          nicolae_vaults_house_1, v_misc_24,
          nicolae_vaults_taking_the_gang_shopping,
          nicolae_vaults_storage_room_doors, vaults_room_door_ring,
          layout_vaults_chaotic_city, serial_shops, shop, uniq_norris
Vaults:2: vaults_room_ringed_pool, nicolae_vaults_storage_room_glass, v_misc_30,
          nicolae_vaults_house_3, v_misc_24, layout_vaults_quadrants,
          serial_shops, shop
Vaults:3: nicolae_vaults_ring_of_whatevers, nicolae_vaults_ellipses_ellipsis,
          v_misc_3, minmay_crypt_entry_simple_box,
          vaults_room_hangedman_quadrants, v_misc_22, nicolae_vaults_spaceships,
          nicolae_vaults_tetromino_T_2, nicolae_vaults_two_Ls,
          nicolae_vaults_heart-shaped_vault, vaults_dpeg_ring, vaults_room_pool,
          v_alt_pattern_1, nicolae_vaults_diagonal_hallway_8,
          layout_vaults_omnicross, uniq_frederick, uniq_margery
Vaults:4: v_misc_27, nicolae_vaults_surprise_closet, vaults_room_stairs_pillars,
          nicolae_vaults_network_square, grunt_vaults_focal,
          vaults_standard_mumra_lines, ontoclasm_vaults_misaligned,
          vaults_dpeg_diagonal, ontoclasm_vaults_bender,
          nicolae_vaults_angled_halls, nicolae_vaults_trapezoid_lopsided_4,
          nicolae_vaults_trapezoid_1, nicolae_vaults_mini_display_case,
          vaults_mumra_chevron, ontoclasm_vaults_tryst,
          nicolae_vaults_rhombus_5, layout_vaults_ring
Crypt:1:  layout_regular_city, nzn_ghost_randoct, uniq_bai_suzhen
Crypt:2:  layout_catacombs, nicolae_crypt_small_crypt
Crypt:3:  grunt_crypt_end_deaths_head, uniq_jory
Depths:1: layout_basic, enter_ziggurat_a, interstate_on_off,
          hangedman_geh_valley, nicolae_diode_intersection, grunt_megastairs_5,
          uniq_enchantress, uniq_aizul
Depths:2: minmay_the_grid_four_pointed_star_mashed
          [minmay_the_grid_triangle_9x9_sprig,
          minmay_the_grid_triangle_9x9_swiss_cheese,
          minmay_the_grid_triangle_9x9_flanged_cone,
          minmay_the_grid_triangle_9x9_pentomino_pain,
          minmay_the_grid_prize_big_room], layout_cave_shapes,
          rand_demon_pan_entry_4, pf_coc_iceberg
Depths:3: minmay_skeleton_keep, layout_basic, hangedman_decor_peaks_small,
          serial_shops, nicolae_book_shop_shelving, serial_curves,
          eino_curves_02, eino_curves_02, nicolae_hell_entry_big_baal_hell,
          abyss_entry_crystal, library_closet, uniq_josephina
Depths:4: grunt_zot_entry_funnels, layout_cave_pools,
          grunt_hell_entry_dis_grunt, corexii_leaking_fountain,
          hangedman_summoners_spam
Zot:1:    gammafunk_sealed_arena, layout_cellular_growth,
          st_large_dragon_hoard_2
Zot:2:    layout_gridlike, lemuel_elevator
Zot:3:    hellmonk_paralyzer, layout_basic, hangedman_zot_diagonal_lockstep
Zot:4:    minmay_elemental_castle, layout_gridville,
          hangedman_elemental_corridor
Zot:5:    layout_gridlike, st_stairs_12

Skill      XL: |  1  2  3  4  5  6  7  8  9 10 11 12 13 14 15 16 17 18 19 20 21 22 23 24 25 26 27 |
---------------+----------------------------------------------------------------------------------+-----
Stealth        | 1 2 3 4 6 7 8 10 12 | 12.0
Dodging        | 3 4 5 6 7 8 9 10 12 13 14 15 16 17 18 19 20 | 20.7
Fighting       | 4 5 6 7 8 9 10 12 13 14 15 16 17 19 21 22 23 | 23.3
Short Blades   | 4 5 6 7 8 9 10 12 13 14 | 14.0
Shields        | 4 7 9 10 11 13 14 15 16 17 18 20 22 23 24 25 | 25.0
Evocations     | 9 12 15 17 18 | 18.9
Maces & Flails | 2 3 |  3.5
Poison Magic   | 4 9 11 12 | 12.0
Transmutations | 3 7 9 10 | 10.0
Spellcasting   | 2 4 6 |  6.0
Long Blades    | 3 6 8 11 | 11.0
Earth Magic    | 3 |  3.0

Action                     |  1- 3 |  4- 6 |  7- 9 | 10-12 | 13-15 | 16-18 | 19-21 | 22-24 | 25-27 || total
---------------------------+-------+-------+-------+-------+-------+-------+-------+-------+-------++-------
  Melee: Short sword       |    92 |    94 |   183 |       |       |       |       |       |       ||   369
         Tentacles         |    18 |    23 |    50 |    45 |   205 |   289 |   357 |   548 |   489 ||  2024
         Constrict         |    23 |    19 |    47 |    26 |   100 |   182 |   221 |   244 |   143 ||  1005
         Punch             |     2 |     2 |     3 |     5 |    10 |    16 |    21 |    41 |    39 ||   139
         Rapier            |       |       |    43 |   183 |   707 |   938 |  1063 |  1374 |  1083 ||  5391
         Kick              |       |       |       |       |    76 |   455 |   439 |   828 |   746 ||  2544
         Scimitar          |       |       |       |       |       |       |     2 |       |    42 ||    44
         Bite              |       |       |       |       |       |       |    40 |       |       ||    40
  Throw: Stone             |       |    11 |    22 |     1 |    26 |    40 |     1 |       |    15 ||   116
         Dart              |       |     7 |    63 |    20 |     8 |     5 |       |       |       ||   103
         Boomerang         |       |     1 |     2 |       |       |       |       |       |       ||     3
         Javelin           |       |       |       |       |     2 |       |       |       |       ||     2
   Cast: Wereblood         |       |       |       |       |       |     1 |     9 |     1 |     3 ||    14
         Sigil of Binding  |       |       |       |       |       |       |       |     8 |       ||     8
         Passwall          |       |       |       |       |       |       |       |     1 |     7 ||     8
         Dimensional Bulls |       |       |       |       |       |       |       |       |     4 ||     4
 Invoke: Oozemancy         |       |       |       |       |       |       |     2 |     8 |     2 ||    12
         Slimify           |       |       |       |       |       |       |     1 |     1 |     1 ||     3
Ability: Evoke Blink       |       |       |       |       |       |       |       |       |     4 ||     4
  Evoke: Wand              |       |       |     3 |     2 |     5 |    18 |    17 |     9 |     3 ||    57
         Lightning rod     |       |       |       |       |     9 |     8 |    12 |     9 |       ||    38
         Condenser vane    |       |       |       |       |     2 |     3 |     3 |     3 |     1 ||    12
         Sack of spiders   |       |       |       |       |     1 |       |     3 |       |     1 ||     5
         Phantom mirror    |       |       |       |       |       |     1 |       |       |     1 ||     2
    Use: Scroll            |     1 |     8 |     8 |     4 |     8 |     4 |     4 |     3 |    13 ||    53
         Potion            |       |     3 |     8 |     2 |     3 |    10 |    11 |    13 |    12 ||    62
   Stab: Sleeping          |     6 |     7 |     8 |    13 |    39 |    20 |    15 |    18 |    14 ||   140
         Petrified         |       |     4 |       |       |     1 |       |       |       |       ||     5
         Petrifying        |       |     2 |     1 |       |     4 |     1 |       |       |       ||     8
         Invisible         |       |       |     3 |     2 |     1 |       |       |     8 |       ||    14
         Confused          |       |       |     2 |       |       |     6 |     1 |    22 |    26 ||    57
         Paralysed         |       |       |     1 |     1 |     1 |       |       |       |       ||     3
         Distracted        |       |       |     1 |     1 |     5 |    11 |    11 |    10 |     8 ||    47
 Armour: Skin              |    36 |    43 |   132 |    72 |   189 |   433 |   336 |   351 |   343 ||  1935
  Dodge: Dodged            |    61 |    79 |   112 |    85 |   275 |   532 |   554 |   945 |   654 ||  3297
  Block: Other             |       |       |     9 |       |       |       |       |     2 |       ||    11
         Kite shield       |       |       |    29 |   154 |   277 |       |       |     9 |       ||   469
         Tower shield      |       |       |       |       |   541 |  1499 |  1622 |  2585 |  1695 ||  7942
         Reflection        |       |       |       |       |       |       |       |    17 |    26 ||    43

Table legend: (Time is in decaauts)
 A = Elapsed time spent in this place.
 B = Non-inter-level travel time spent in this place.
 C = Inter-level travel time spent in this place.
 D = Time resting spent in this place.
 E = Time spent auto-exploring this place.
 F = Levels seen in this place.
 G = Mean time per level.
                   A        B        C        D        E       F      G
               +--------+--------+--------+--------+--------+-----+--------+
         Total |  58974 |  53071 |   5903 |   7135 |  28566 |  58 | 1016.8 |
       Dungeon |  15552 |  13387 |   2165 |   1566 |   8473 |  15 | 1036.8 |
          Lair |   6531 |   5784 |    747 |    296 |   3698 |   5 | 1306.2 |
         Swamp |   3222 |   3089 |    133 |    882 |   1273 |   4 |  805.5 |
   Spider Nest |   4907 |   4605 |    302 |    809 |   2328 |   4 | 1226.8 |
    Slime Pits |    561 |    379 |    182 |      0 |    215 |   5 |  112.2 |
  Orcish Mines |   2400 |   1724 |    676 |    136 |   1083 |   2 | 1200.0 |
   Elven Halls |   3073 |   2929 |    144 |    295 |   1411 |   3 | 1024.3 |
        Vaults |   4917 |   4401 |    516 |     65 |   3084 |   4 | 1229.2 |
         Crypt |   2624 |   2490 |    134 |     12 |   1357 |   3 |  874.7 |
        Depths |   5649 |   5189 |    460 |    749 |   2701 |   4 | 1412.2 |
           Zot |   7336 |   6897 |    439 |   1835 |   2408 |   5 | 1467.2 |
       Ossuary |    211 |    211 |      0 |      0 |     10 |   1 |  211.0 |
      Ice Cave |    988 |    988 |      0 |    412 |    123 |   1 |  988.0 |
        Wizlab |    576 |    576 |      0 |      0 |    240 |   1 |  576.0 |
      Gauntlet |    421 |    421 |      0 |     74 |    160 |   1 |  421.0 |
               +--------+--------+--------+--------+--------+-----+--------+

Top non-repeatable levels by time:
   Zot:5: 2355 daAuts
Spider:4: 1827 daAuts
Depths:3: 1710 daAuts
     D:9: 1600 daAuts
   Orc:2: 1597 daAuts
     D:4: 1580 daAuts
Vaults:1: 1572 daAuts
    D:10: 1537 daAuts
   Zot:4: 1519 daAuts
  Lair:1: 1457 daAuts
Depths:2: 1441 daAuts
  Lair:3: 1422 daAuts
   Zot:3: 1418 daAuts
Depths:1: 1341 daAuts
  Lair:2: 1317 daAuts
